 Dungeon Crawl Stone Soup version 0.24.1 (webtiles) character file.

Game seed: 6251186722260304335, levelgen mode: deterministic

10510534 CannibalFerox the Minotaur Arbalest (level 27, 245/245 HPs)
             Began as a Minotaur Hunter on Mar 19, 2020.
             Was the Champion of the Shining One.
             Escaped with the Orb
             ... and 15 runes on Mar 22, 2020!
             The game lasted 1 day 00:04:47 (162428 turns).

CannibalFerox the Minotaur Arbalest (MiHu)    Turns: 162428, Time: 1 , 00:04:48

Health: 245/245    AC: 46    Str: 30    XL:     27
Magic:  40/40      EV: 34    Int: 10    God:    the Shining One [******]
Gold:   13532      SH:  0    Dex: 27    Spells: 50/55 levels left

rFire    . . .     SeeInvis +   b - +10 triple crossbow "Nill" {flame, rPois Str+6}
rCold    + + .     Gourm    .   (shield currently unavailable)
rNeg     + + +     Faith    .   h - +10 shadow dragon scales
rPois    +         Spirit   +   w - +3 crown of Dyrovepreva {rElec Int+2 SInv}
rElec    +         Reflect  .   j - scarf {Spirit}
rCorr    .         Harm     .   C - +2 pair of gloves {archery}
MR       +++..     Rnd*Rage +   z - +2 pair of boots {run}
Stlth    ++++......             s - amulet "Yggauqal" {Regen+ Str+4}
HPRegen  0.90/turn              W - ring of Shadows {Umbra +Inv Stlth+}
MPRegen  0.27/turn              i - ring "Caess" {rC++ Dex+4 Slay+3}

@: quick
A: retaliatory headbutt, horns 2, slimy green scales 1, agile 1, berserk 1,
frail 1, magic resistance 1, shaggy fur 1, electricity resistance, wild magic 1
0: Orb of Zot
}: 15/15 runes: decaying, slimy, silver, golden, iron, obsidian, icy, bone,
abyssal, demonic, glowing, magical, fiery, dark, gossamer
a: Divine Shield, Cleansing Flame, Summon Divine Warrior, Renounce Religion,
Evoke Invisibility


You escaped.
You worshipped the Shining One.
The Shining One was exalted by your worship.
You were completely stuffed.

You visited 18 branches of the dungeon, and saw 90 of its levels.
You visited Pandemonium 3 times, and saw 18 of its levels.
You visited the Abyss 3 times.
You visited 1 ziggurat, and saw 16 of its levels.
You also visited: Trove, Bailey, Gauntlet and Ice Cave.

You collected 21793 gold pieces.
You spent 8261 gold pieces at shops.

Inventory:

Hand Weapons
 a - the +8 frozen axe "Frostbite" {freezing cloud, *Noise +Fly rC+}
   (Okawaru gifted it to you on level 5 of the Pits of Slime)

   It has been specially enchanted to freeze those struck by it, causing extra
   injury to most foes and up to half again as much damage against particularly
   susceptible opponents.
   It can also slow down cold-blooded creatures.
   It protects you from cold.
   It lets you fly.
   It may make noises in combat.
 b - the +10 triple crossbow "Nill" (weapon) {flame, rPois Str+6}
   (You acquired it on level 1 of the Lair of Beasts)

   It causes projectiles fired from it to burn those they strike, causing extra
   injury to most foes and up to half again as much damage against particularly
   susceptible opponents.
   It affects your strength (+6).
   It protects you from poison.
 c - a +9 triple crossbow of holy wrath
 d - a +9 triple crossbow of velocity
Missiles
 E - 404 bolts (quivered)
Armour
 h - +10 shadow dragon scales (worn)
 j - a scarf of spirit shield (worn)
 t - the -2 hat of the Alchemist {rElec rPois rF+ rC+ rN+ MR+ rMut rCorr}
   (You found it on level 1 of the Realm of Zot)

   It protects you from fire.
   It protects you from cold.
   It insulates you from electricity.
   It protects you from poison.
   It protects you from negative energy.
   It affects your resistance to hostile enchantments.
   It provides partial protection from all sources of acid and corrosion.
   It protects you from mutation.
 w - the +3 crown of Dyrovepreva (worn) {rElec Int+2 SInv}
   (You found it on level 3 of the Elven Halls)

   It affects your intelligence (+2).
   It insulates you from electricity.
   It lets you see invisible.
 z - a +2 pair of boots of running (worn)
 C - a +2 pair of gloves of archery (worn)
 D - +7 pearl dragon scales
 N - a +4 troll leather armour
 Z - +4 fire dragon scales {Xtahua}
Jewellery
 i - the ring "Caess" (right hand) {rC++ Dex+4 Slay+3}
   (You bought it in a shop on level 2 of the Orcish Mines)

   [ring of slaying]

   It affects your dexterity (+4).
   It affects your accuracy and damage with ranged weapons and melee attacks
   (+3).
   It greatly protects you from cold.
 s - the amulet "Yggauqal" (around neck) {Regen+ Str+4}
   (You found it on level 3 of the Depths)

   [amulet of regeneration]

   It affects your strength (+4).
   It increases your rate of regeneration.
 v - the ring of Tafreaf {Fire rElec Str+3 SInv}
   (You found it in Pandemonium)

   [ring of fire]

   It enhances your fire magic.
   It affects your strength (+3).
   It protects you from fire.
   It makes you vulnerable to cold.
   It insulates you from electricity.
   It lets you see invisible.
 B - the ring "Peorief" {Int+7 Dex+2 Stlth+}
   (You found it on level 4 of the Depths)

   [ring of dexterity]

   It affects your intelligence (+7).
   It affects your dexterity (+2).
   It makes you more stealthy.
 W - the ring of Shadows (left hand) {Umbra +Inv Stlth+}
   (You found it on level 3 of the Tomb of the Ancients)

   [ring of stealth]

   It lets you turn invisible.
   It makes you more stealthy.
Wands
 H - a wand of digging (36)
 K - a wand of disintegration (50)
 L - a wand of iceblast (109)
 M - a wand of acid (57)
 Y - a wand of scattershot (25)
Scrolls
 e - 6 scrolls of blinking
 k - 6 scrolls of holy word
 n - 28 scrolls of remove curse
 p - 14 scrolls of fear
 r - a scroll of enchant weapon
 u - 25 scrolls of teleportation
 F - 37 scrolls of identify
 O - 17 scrolls of fog
 T - 8 scrolls of magic mapping
Potions
 g - 13 potions of might
 l - 23 potions of heal wounds
 o - 10 potions of haste
 q - 5 potions of resistance
 I - 4 potions of agility
 J - 25 potions of curing
 Q - 15 potions of brilliance
 X - 3 potions of flight
Comestibles
 f - 113 rations


   Skills:
 O Level 27 Fighting
   Level 2.0 Short Blades
 O Level 27 Axes
   Level 18.8(24.8) Maces & Flails
   Level 17.7(24.1) Polearms
 O Level 27 Crossbows
 O Level 27 Armour
 O Level 27 Dodging
 O Level 27 Stealth
 + Level 14.6 Spellcasting
 + Level 14.7 Charms
 + Level 12.3 Translocations
   Level 11.2 Earth Magic
 O Level 27 Invocations
 O Level 27 Evocations


You had 50 spell levels left.
You knew the following spells:

 Your Spells              Type           Power        Failure   Level  Hunger
a - Apportation           Tloc           #####.       1%          1    None
b - Blink                 Tloc           N/A          1%          2    None
c - Song of Slaying       Chrm           #####...     1%          2    None

Your spell library contained the following spells:

 Spells                   Type           Power        Failure   Level  Hunger
 Infusion                 Chrm           ####         1%          1    None
 Sandblast                Erth           #####.       1%          1    None
 Shroud of Golubria       Chrm/Tloc      #####.       1%          2    None
 Gell's Gravitas          Tloc           #####.....   1%          3    #......
 Lesser Beckoning         Tloc           #####.....   1%          3    #......
 Swiftness                Chrm/Air       ####....     2%          2    None
 Passwall                 Tmut/Erth      ###.....     4%          2    None
 Ozocubu's Armour         Chrm/Ice       ####....     4%          3    #......
 Regeneration             Chrm/Necr      ####......   4%          3    #......
 Spectral Weapon          Hex/Chrm       ####....     4%          3    #......
 Portal Projectile        Hex/Tloc       ####..       7%          3    #......
 Recall                   Summ/Tloc      N/A          7%          3    #......
 Stone Arrow              Conj/Erth      ###...       8%          3    #......
 Lee's Rapid Deconstruct  Erth           #####.....   8%          5    #####..
 Force Lance              Conj/Tloc      ####....     19%         4    ###....
 Animate Skeleton         Necr           N/A          24%         1    None
 Beastly Appendage        Tmut           #.....       24%         1    None
 Confusing Touch          Hex            #.....       24%         1    None
 Corona                   Hex            #......      24%         1    None
 Flame Tongue             Conj/Fire      #....        24%         1    None
 Freeze                   Ice            #...         24%         1    None
 Magic Dart               Conj           #...         24%         1    None
 Pain                     Necr           #...         24%         1    None
 Shock                    Conj/Air       #...         24%         1    None
 Sting                    Conj/Pois      #...         24%         1    None
 Summon Butterflies       Summ           #.......     24%         1    None
 Summon Small Mammal      Summ           #...         24%         1    None
 Leda's Liquefaction      Hex/Erth       ###.......   24%         4    ###....
 Petrify                  Tmut/Erth      ###.....     24%         4    ###....
 Excruciating Wounds      Chrm/Necr      ####......   30%         5    #####..
 Iskenderun's Battlesphe  Conj/Chrm      ####....     30%         5    #####..
 Call Imp                 Summ           #.......     34%         2    None
 Corpse Rot               Necr           N/A          34%         2    None
 Ensorcelled Hibernation  Hex/Ice        #.....       34%         2    None
 Poisonous Vapours        Pois/Air       #.....       34%         2    None
 Searing Ray              Conj           #.....       34%         2    None
 Slow                     Hex            #.......     34%         2    None
 Sticks to Snakes         Tmut           #.......     34%         2    None
 Sublimation of Blood     Necr           #.........   34%         2    None
 Throw Flame              Conj/Fire      #.....       34%         2    None
 Throw Frost              Conj/Ice       #.....       34%         2    None
 Summon Forest            Summ/Tloc      ####......   45%         5    #####..
 Borgnjor's Vile Clutch   Necr/Erth      ###.......   52%         5    #####..
 Call Canine Familiar     Summ           #.......     54%         3    #......
 Confuse                  Hex            #.......     54%         3    #......
 Conjure Flame            Conj/Fire      #.......     54%         3    #......
 Dazzling Spray           Conj/Hex       #.....       54%         3    #......
 Ignite Poison            Fire/Tmut/Pois #.......     54%         3    #......
 Inner Flame              Hex/Fire       #.......     54%         3    #......
 Mephitic Cloud           Conj/Pois/Air  #.......     54%         3    #......
 Spider Form              Tmut/Pois      #.........   54%         3    #......
 Static Discharge         Conj/Air       #.......     54%         3    #......
 Summon Guardian Golem    Hex/Summ       #.......     54%         3    #......
 Tukima's Dance           Hex            #.......     54%         3    #......
 Vampiric Draining        Necr           #.........   54%         3    #......
 Bolt of Magma            Conj/Fire/Erth ###.......   78%         5    #####..
 Deflect Missiles         Chrm/Air       ####......   83%         6    ######.
 Airstrike                Air            #.........   90%         4    ###....
 Animate Dead             Necr           N/A          90%         4    ###....
 Cause Fear               Hex            #.........   90%         4    ###....
 Fulminant Prism          Conj/Hex       #.........   90%         4    ###....
 Ice Form                 Ice/Tmut       #.......     90%         4    ###....
 Iskenderun's Mystic Bla  Conj           #.......     90%         4    ###....
 Olgreb's Toxic Radiance  Pois           #.......     90%         4    ###....
 Sticky Flame             Conj/Fire      #.......     90%         4    ###....
 Summon Ice Beast         Ice/Summ       #.......     90%         4    ###....
 Summon Lightning Spire   Summ/Air       #.......     90%         4    ###....
 Throw Icicle             Conj/Ice       #.......     90%         4    ###....
 Iron Shot                Conj/Erth      ###.......   97%         6    ######.
 Agony                    Necr           #.......     99%         5    #####..
 Alistair's Intoxication  Tmut/Pois      #.......     99%         5    #####..
 Aura of Abjuration       Summ           #.........   99%         5    #####..
 Blade Hands              Tmut           #.........   99%         5    #####..
 Bolt of Draining         Conj/Necr      #.........   99%         5    #####..
 Dispel Undead            Necr           #.......     99%         5    #####..
 Fireball                 Conj/Fire      #.........   99%         5    #####..
 Lightning Bolt           Conj/Air       #.........   99%         5    #####..
 Metabolic Englaciation   Hex/Ice        #.........   99%         5    #####..
 Silence                  Hex/Air        #.........   99%         5    #####..
 Summon Demon             Summ           #.........   99%         5    #####..
 Summon Mana Viper        Hex/Summ       #.......     99%         5    #####..
 Venom Bolt               Conj/Pois      #.........   99%         5    #####..
 Yara's Violent Unravell  Hex/Tmut       #.........   99%         5    #####..
 Bolt of Cold             Conj/Ice       #.........   100%        6    ######.
 Bolt of Fire             Conj/Fire      #.........   100%        6    ######.
 Conjure Ball Lightning   Conj/Air       #.........   100%        6    ######.
 Darkness                 Hex            #.........   100%        6    ######.
 Death Channel            Necr           #.........   100%        6    ######.
 Freezing Cloud           Conj/Ice/Air   #.........   100%        6    ######.
 Hydra Form               Tmut           #.........   100%        6    ######.
 Invisibility             Hex            #.......     100%        6    ######.
 Ozocubu's Refrigeration  Ice            #.........   100%        6    ######.
 Poison Arrow             Conj/Pois      #.........   100%        6    ######.
 Shadow Creatures         Summ           N/A          100%        6    ######.
 Simulacrum               Ice/Necr       #.........   100%        6    ######.
 Dragon Form              Tmut           #.........   100%        7    #######
 Haunt                    Necr/Summ      #.........   100%        7    #######
 Malign Gateway           Summ/Tloc      ####......   100%        7    #######
 Monstrous Menagerie      Summ           #.........   100%        7    #######
 Orb of Destruction       Conj           #.........   100%        7    #######
 Ring of Flames           Chrm/Fire      ####......   100%        7    #######
 Spellforged Servitor     Conj/Summ      #.........   100%        7    #######
 Summon Greater Demon     Summ           #.........   100%        7    #######
 Summon Hydra             Summ           #.........   100%        7    #######
 Borgnjor's Revivificati  Necr           #.........   100%        8    #######
 Chain Lightning          Conj/Air       #.........   100%        8    #######
 Death's Door             Chrm/Necr      ####......   100%        8    #######
 Discord                  Hex            #.........   100%        8    #######
 Ignition                 Fire           #.........   100%        8    #######
 Infestation              Necr           #.........   100%        8    #######
 Lehudib's Crystal Spear  Conj/Erth      ###.......   100%        8    #######
 Necromutation            Tmut/Necr      #.........   100%        8    #######
 Summon Horrible Things   Summ           #.........   100%        8    #######
 Dragon's Call            Summ           #.........   100%        9    #######
 Fire Storm               Conj/Fire      #.........   100%        9    #######
 Glaciate                 Conj/Ice       #.........   100%        9    #######
 Tornado                  Air            #.........   100%        9    #######
 Passage of Golubria      Tloc           Unusable     N/A         4    N/A

Dungeon Overview and Level Annotations

Branches:
Dungeon (15/15)            Temple (1/1) D:7            Lair (6/6) D:11
  Swamp (4/4) Lair:2       Spider (4/4) Lair:3        Slime (5/5) Lair:5
    Orc (2/2) D:9             Elf (3/3) Orc:2        Vaults (5/5) D:14
  Crypt (3/3) Vaults:3       Tomb (3/3) Crypt:3      Depths (5/5) D:15
   Hell (visited)             Dis (7/7) Hell            Geh (7/7) Hell
    Coc (7/7) Hell            Tar (7/7) Hell            Zot (5/5) Depths:5
 Bailey (visited)           IceCv (visited)         Gauntlet (visited)

Altars:
Ashenzari
Cheibriados
Dithmenos
Elyvilon
Fedhas
Gozag
Hepliaklqana
Kikubaaqudgha
Makhleb
Nemelex Xobeh
Okawaru
Qazlal
Ru
Sif Muna
Trog
Uskayaw
Vehumet
Wu Jian
Xom
Yredelemnul
Zin
The Shining One
Beogh
Jiyva

Shops:
D:5 (   D:7 }   Orc:2 ?(=(   Elf:2 *   Elf:3 =}=   Vaults:2 =   Vaults:4 :
Vaults:5 ?!}=*!   Depths:4 :

Portals:
Hell: Depths:1 Depths:2 Depths:3 Depths:4 Depths:5
Abyss: Depths:1 Depths:2 Depths:4
Pandemonium: Depths:3

Annotations:
Zot:4 mortelune's ghost, legendary DEFE


Innate Abilities, Weirdness & Mutations

You reflexively headbutt those who attack you in melee.
You have a pair of horns on your head.
You are partially covered in slimy green scales. (AC +2)
You are agile. (Dex +2)
You tend to lose your temper in combat.
You are frail. (-10% HP)
You are resistant to hostile enchantments. (MR+)
You are covered in fur. (AC +1)
You are resistant to electric shocks. (rElec)
Your spells are a little harder to cast, but a little more powerful.


Message History

You start removing your armour.
You continue taking off the -2 hat of the Alchemist {rElec rPois rF+ rC+ rN+ MR+ rMut rCorr}. x4
You finish taking off the -2 hat of the Alchemist {rElec rPois rF+ rC+ rN+ MR+ rMut rCorr}.
You start putting on your armour.
You continue putting on the +3 crown of Dyrovepreva {rElec Int+2 SInv}. x5
You finish putting on the +3 crown of Dyrovepreva {rElec Int+2 SInv}.
You feel clever.
Really quaff the potion of mutation?
You feel extremely strange.
You feel clever.
Your skeletal structure returns to normal.
You feel robust.
You feel frail.
You feel resistant to hostile enchantments.
You feel a little pissed off.
Slimy green scales grow over part of your body.
Unknown command.
You have 13532 gold pieces.
Char dumped successfully.
Unknown command.
You have escaped!

#.........#........#.......
#.........##...............
#.........##...............
#.........###......#.......
#.........# #......#).).>..
#######.........# #.......)......
................# #..............
.............#######....##.......
.............#..@.......###..##..
.............######.....#.#.####.
.............# ##....#...# ##
.............#######....#.### #
..........##................# ###
############................# #..
#................# #.#
#................###.#
#................##...


There were no monsters in sight!

Vanquished Creatures
  Cerebov (Pan)
  Antaeus (Coc:7)
  Asmodeus (Geh:7)
  the Royal Jelly (Slime:5)
  Ereshkigal (Tar:7)
  Gloorx Vloq (Pan)
  Lom Lobon (Pan)
  A seraph (Pan)
  Mnoleg (Pan)
  18 ancient liches
  Dispater (Dis:7)
  5 orbs of fire (Zot:5)
  Khufu (Crypt:2)
  2 juggernauts (Depths:4)
  Mennas (Vaults:4)
  44 greater mummies
  Boris (twice) (Vaults:5 Tomb:2)
  The ghost of Houmnergh the Rich, a master GnTm of Gozag (Crypt:2)
  3 Killer Klowns
  Margery (Crypt:2)
  Frederick (Vaults:3)
  Saint Roka (Depths:1)
  21 shard shrikes
  Xtahua (Vaults:3)
  12 pandemonium lords (Pan)
  A caustic shrike (shapeshifter) (Zig:5)
  Geryon (Hell)
  5 curse toes
  13 golden dragons
  The ghost of yalue the Executioner, an adept MiFi of the Shining One (Crypt:2)
  2 pearl dragons (Pan)
  A profane servitor (Abyss:1)
  Nikola (Spider:4)
  36 bone dragons
  20 liches
  Arachne (Spider:2)
  3 electric golems
  52 Tzitzimimeh
  Jorgrun (Elf:1)
  10 doom hounds
  2 hellephants
  45 Brimstone Fiends
  10 iron giants
  19 Hell Sentinels
  22 Ice Fiends
  11 tentacled monstrosities
  13 deep elf blademasters
  28 Orb Guardians
  Asterion (Spider:2)
  Rupert (Lair:6)
  15 titans
  39 acid blobs
  11 quicksilver dragons
  23 ancient champions
  30 Executioners
  12 death cobs
  10 deep elf master archers
  Frances (Swamp:1)
  14 sphinxes
  11 tentacled starspawn
  2 eldritch tentacles
  16 azure jellies
  19 shadow dragons
  Kirke (Swamp:4)
  Donald (Crypt:1)
  7 nagarajas
  14 daevas (Pan)
  7 revenants
  11 tengu reavers
  9 draconian monks
  18 storm dragons
  6 draconian knights
  21 vault wardens
  23 fire giants
  Louise (Elf:1)
  7 deep elf sorcerers
  30 frost giants
  Aizul (Spider:1)
  11 ghost moths
  10 corrupters (Pan)
  28 angels
  7 curse skulls
  36 cacodemons
  11 ghouls
  18 iron dragons
  52 balrugs
  3 orc warlords
  4 emperor scorpions
  4 draconian scorchers
  14 blood saints (Pan)
  9 warmongers (Pan)
  6 draconian shifters
  7 draconian annihilators
  2 draconian stormcallers
  118 reapers
  17 ironheart preservers
  17 ophanim (Pan)
  The ghost of sentinel the Spear-Bearer, a journeyman GnCK of Okawaru (Swamp:4)
  6 deep elf elementalists
  7 war gargoyles
  2 elemental wellsprings
  7 entropy weavers
  38 stone giants
  13 green draconians
  30 very ugly things
  15 deep elf demonologists
  26 apis (Pan)
  12 lorocyprocas
  12 black suns (Pan)
  13 vampire knights
  18 red draconians
  2 bennus (Tomb:2)
  15 purple draconians
  8 black draconians
  9 yellow draconians
  A minotaur (Gauntlet)
  6 spark wasps
  A dire elephant (D:15)
  16 deep elf annihilators
  9 ettins
  5 crystal guardians (Elf:3)
  3 eidola (Crypt:3)
  13 white draconians
  11 death oozes
  A merfolk javelineer (Depths:5)
  35 blizzard demons
  18 quicksilver dragon zombies
  11 deep elf death magi
  12 deep elf high priests
  23 mummy priests
  A merfolk impaler (Depths:5)
  18 green deaths
  15 yaktaur captains
  11 fire dragons
  Josephine (D:9)
  9 ogre magi
  9 jiangshi
  15 quicksilver dragon skeletons
  5 kraken zombies
  28 vault guards
  An ice dragon (shapeshifter) (Zig:14)
  17 rakshasas
  15 great orbs of eyes
  5 naga warriors (Zig:13)
  7 hell beasts
  The ghost of Cynry the Cleaver, a journeyman VSAr of Hepliaklqana (Spider:1)
  6 ghost crabs
  10 monstrous demonspawn (Pan)
  3 spriggan air magi
  A catoblepas (D:12)
  14 hydras
  The ghost of laxxamousse2 the Transmogrifier, a novice TrTm of Wu Jian (D:10)
  41 ice dragons
  28 two-headed ogres
  Erica (Lair:1)
  2 shambling mangroves
  35 dancing weapons
  7 alligators
  13 centaur warriors
  5 death knights
  The ghost of CannibalFerox the Quickloader, a novice DgHu (D:9)
  52 hell hogs
  88 death scarabs
  12 tengu warriors
  2 spriggan berserkers
  2 shock serpents (shapeshifter) (Vaults:5)
  15 vampire magi
  13 deep troll earth magi
  8 deep troll shamans
  5 orc high priests
  5 iron golems
  2 shock serpents
  A naga sharpshooter (Zig:13)
  6 holy swine (Pan)
  7 thrashing horrors
  11 titan zombies
  112 sun demons
  67 soul eaters
  3 spriggans
  9 titan skeletons
  5 wretched stars
  9 shadow wraiths
  106 hell knights
  4 death drakes
  15 iron trolls
  12 storm dragon zombies
  A fire crab (Lair:6)
  27 deep elf knights
  A salamander mystic (Zig:7)
  A spectral entropy weaver (Spider:1)
  196 skeletal warriors
  30 sixfirhies
  2 ghost moth zombies
  8 infernal demonspawn (Pan)
  15 golden dragon zombies
  10 storm dragon skeletons
  17 cherubim
  28 deep trolls
  19 flayed ghosts
  15 unseen horrors
  13 gelid demonspawn (Pan)
  6 starcursed masses
  5 wizards
  4 spriggan druids
  2 obsidian statues
  11 torturous demonspawn (Pan)
  16 anaconda zombies
  3 swamp dragons
  6 glowing orange brains
  28 shadow demons
  10 shadow dragon zombies
  9 anaconda skeletons
  18 ironbrand convokers
  Pikel (D:7)
  A naga ritualist (Zig:13)
  4 harpies (Vaults:3)
  94 deep elf magi
  51 phantasmal warriors
  39 necromancers
  8 golden dragon skeletons
  8 wolf spider zombies
  26 deep elf archers
  9 orc sorcerers
  16 orb spiders
  10 shadow dragon skeletons
  2 wolf spiders (shapeshifter)
  47 wolf spiders
  12 iron dragon zombies
  13 orc knights
  A mana viper (Zig:13)
  A glowing shapeshifter (Vaults:5)
  An orb spider (shapeshifter) (D:13)
  2 salamanders (Depths:3)
  19 fire giant zombies
  5 manticores
  6 shining eyes
  8 cyclopes
  A worldbinder (Abyss:3)
  44 ugly things
  5 elephants (Lair:5)
  14 frost giant skeletons
  16 stone giant zombies
  32 moths of wrath
  14 frost giant zombies
  7 shock serpent zombies
  10 iron dragon skeletons
  An eye of devastation (shapeshifter) (Depths:4)
  69 rust devils
  4 naga magi
  12 vault sentinels
  14 fire giant skeletons
  9 stone giant skeletons
  14 dire elephant zombies
  16 black mambas
  6 guardian serpents
  5 centaur zombies
  4 torpor snails
  15 molten gargoyles
  A spectral redback (Spider:1)
  2 titan simulacra
  5 emperor scorpion zombies
  9 centaur skeletons
  55 smoke demons
  3 gargoyles
  7 ice statues
  11 apocalypse crabs
  2 catoblepas zombies
  8 eyes of devastation
  3 minotaur zombies
  24 spiny frogs
  5 shock serpent skeletons
  A spiny frog (shapeshifter) (Vaults:4)
  11 rime drakes
  36 orange demons
  10 dire elephant skeletons
  86 tormentors
  18 efreet
  81 hellions
  41 yaktaurs
  4 kobold demonologists
  21 demonic crawlers
  8 komodo dragons
  66 freezing wraiths
  An entropy weaver simulacrum (Spider:1)
  A white draconian skeleton (Dis:2)
  3 anaconda simulacra
  44 guardian mummies
  83 ice devils
  A black draconian skeleton (Crypt:2)
  38 hellwings
  11 trolls
  A green draconian skeleton (Crypt:3)
  3 tengu conjurers (Depths:2)
  5 ancient zymes
  A purple draconian skeleton (Geh:6)
  6 harpy zombies
  2 silent spectres
  A ghost moth simulacrum (Coc:1)
  80 red devils
  9 polar bears
  4 catoblepas skeletons
  39 jumping spiders
  A jumping spider (shapeshifter) (D:14)
  26 hydra zombies
  3 wind drakes (shapeshifter)
  2 trolls (shapeshifter)
  An iron dragon simulacrum (Coc:6)
  5 harpy skeletons
  13 tyrant leeches
  A wind drake (Zig:10)
  A tarantella zombie (Crypt:1)
  A spectral jumping spider (Spider:1)
  2 wolf spider simulacra (Spider:1)
  5 raiju
  A spectral tarantella (Spider:1)
  16 dream sheep (Lair:6)
  A polar bear (shapeshifter) (Elf:1)
  A blink frog (shapeshifter) (Vaults:2)
  158 slime creatures
  21 hornets
  A queen bee (shapeshifter) (D:15)
  26 small abominations
  A fire giant simulacrum (Coc:1)
  A hippogriff (shapeshifter) (Vaults:1)
  19 ettin zombies
  14 bog bodies
  13 fire dragon zombies
  12 hippogriffs
  14 hydra skeletons
  4 blink frogs (Lair:3)
  15 ice dragon zombies
  A snapping turtle (shapeshifter) (Vaults:5)
  8 black mamba zombies
  224 flying skulls
  65 redbacks
  9 alligator zombies
  54 ynoxinuls
  15 fire dragon skeletons
  79 shadows
  2 shock serpent simulacra
  28 water elementals
  8 ettin skeletons
  A centaur simulacrum (D:14)
  A meliai zombie (D:9)
  3 air elementals
  41 tarantellas
  15 wyverns
  2 vampires
  A tarantella (shapeshifter) (Vaults:5)
  5 black mamba skeletons
  40 fire elementals
  86 wraiths
  62 yaks
  27 ushabtiu
  2 wyverns (shapeshifter)
  36 vampire mosquitoes
  7 ice dragon skeletons
  3 steam dragons
  10 golden eyes
  50 chaos spawn
  8 basilisks
  16 hungry ghosts
  A swamp worm simulacrum (Swamp:4)
  36 neqoxecs
  An emperor scorpion simulacrum (Spider:1)
  2 soldier ants
  18 swamp worms
  A monstrous demonspawn zombie (Tar:6)
  A harpy simulacrum (Crypt:1)
  13 wargs
  6 acid dragons
  A naga (Zig:13)
  A faun zombie (Crypt:1)
  11 insubstantial wisps
  79 large abominations
  A gelid demonspawn zombie (Crypt:1)
  3 merfolk zombies
  11 water moccasins
  A faun skeleton (Crypt:1)
  111 hell hounds
  18 hydra simulacra
  3 porcupines
  A floating eye (Zig:6)
  7 spiny frog skeletons
  15 spiny frog zombies
  73 orc warriors
  13 black bears
  A tarantella simulacrum (Spider:1)
  8 swamp drakes
  A monstrous demonspawn skeleton (Crypt:1)
  2 sky beasts
  A black bear (shapeshifter) (Vaults:5)
  29 ice beasts
  41 ogres
  11 wolves
  An alligator simulacrum (Hell)
  An ettin simulacrum (Abyss:1)
  A fire dragon simulacrum (Tar:4)
  54 necrophages
  13 phantoms
  A boggart (Depths:4)
  2 manticore zombies
  31 centaurs
  14 eyes of draining
  4 swamp dragon skeletons
  5 swamp dragon zombies
  10 snapping turtle zombies
  3 manticore skeletons
  6 snapping turtle skeletons
  8 crocodiles
  5 big kobolds
  3 elf zombies
  3 earth elementals
  21 bullfrogs
  2 wyvern zombies (D:9)
  4 gnoll sergeants
  An elf skeleton (Tar:5)
  10 wyvern skeletons (Crypt:3)
  36 scorpions
  A warg zombie (Crypt:2)
  A warg skeleton (Crypt:1)
  5 killer bees (D:8)
  3 troll zombies
  A spriggan zombie (Coc:7)
  A human simulacrum (Vaults:3)
  165 wights
  10 electric eels
  A spriggan skeleton (Tar:4)
  A vampire bat (D:5)
  17 crimson imps
  4 quasits
  5 lava snakes (Lair:6)
  2 bullfrog zombies
  11 hounds
  2 human zombies (Coc:7)
  43 orc priests
  4 gnoll shamans (D:5)
  2 jellies
  26 orc wizards
  3 bullfrog skeletons
  65 iron imps
  2 hell rats (Lair:6)
  A porcupine zombie (Crypt:1)
  3 iguanas
  Natasha (thrice) (D:2)
  3 human skeletons
  14 worker ants
  2 naga zombies
  3 tengu zombies
  2 ogre skeletons
  2 naga skeletons
  2 tengu skeletons
  2 hound skeletons
  2 hound zombies
  55 mummies
  A howler monkey zombie (D:5)
  A worker ant zombie (D:8)
  8 river rats (Lair:6)
  16 adders
  31 gnolls
  31 shadow imps
  33 white imps
  7 swamp drake simulacra (Swamp:4)
  4 ufetubi
  2 oozes
  An adder zombie (D:6)
  2 adder skeletons (D:6)
  3 worms
  2 dart slugs
  3 fire bats (D:5)
  6 leopard geckos
  167 orcs
  2 spectral bats (D:5)
  5 ball pythons
  17 bats
  3 bat skeletons (D:5)
  A bat zombie (D:5)
  7 giant cockroaches
  11 goblins
  3 hobgoblins (D:1)
  12 jackals
  4 quokkas
  A bat simulacrum (D:5)
  10 frilled lizards
  A giant cockroach zombie (Crypt:2)
  2 goblin zombies (Crypt:2)
  A jackal zombie (D:8)
  16 kobolds
  A kobold zombie (Crypt:1)
  A leopard gecko skeleton (D:6)
  A leopard gecko zombie (D:5)
  An orc skeleton (Tar:4)
  An orc zombie (Geh:3)
  A quokka skeleton (D:4)
  8 rats
  A bush (Lair:1)
  A crawling corpse (Elf:2)
  2 fire vortices (Geh:3)
  4 fungi
  A lurking horror (Abyss:3)
  9 plants
  6 starspawn tentacles
  3 tentacles
  5 withered plants
7480 creatures vanquished.

Vanquished Creatures (collateral kills)
  3 Tzitzimimeh (Tar:7)
  A deep elf master archer (Zig:14)
  4 reapers (Tar:7)
  4 ghouls (Tar:7)
  A stone giant (Zig:8)
  A deep elf annihilator (Zig:14)
  A purple draconian (Zig:16)
  A deep elf high priest (Zig:14)
  A dancing weapon (Zig:14)
  A titan zombie (Tar:7)
  A soul eater (Tar:7)
  A deep elf knight (Zig:14)
  A skeletal warrior (Tar:7)
  An anaconda zombie (Tar:7)
  A deep elf archer (Zig:14)
  A stone giant zombie (Tar:7)
  A stone giant skeleton (Tar:7)
  A shock serpent skeleton (Tar:7)
  A tormentor (Tar:7)
  A slime creature (Zig:9)
  An ettin zombie (Tar:7)
  A shadow (Tar:7)
  A wraith (Zig:12)
  A hungry ghost (Tar:7)
  A hell hound (Zig:12)
  A necrophage (Tar:7)
  An earth elemental (Zig:14)
  A troll skeleton (Tar:7)
  A shadow imp (Tar:7)
37 creatures vanquished.

Vanquished Creatures (others)
  12 eldritch tentacles
  2 draconian knights
  A balrug (Hell)
  An elemental wellspring (Coc:7)
  A hydra (Swamp:4)
  6 hell hogs
  A hell knight (Hell)
  A deep elf knight (Crypt:3)
  A sun demon (Pan)
  An orb spider (Spider:2)
  A black mamba (Zig:13)
  A tormentor (Dis:1)
  3 red devils
  3 hornets (Swamp:4)
  A spectral tarantella (Spider:1)
  A black mamba zombie (Geh:4)
  A flying skull (Tar:2)
  3 spriggans (Swamp:4)
  A ynoxinul (Pan)
  A fire dragon skeleton (Geh:7)
  A tarantella (Spider:3)
  A neqoxec (Pan)
  A spiny frog zombie (Dis:3)
  An orc warrior (Vaults:5)
  A necrophage (Dis:1)
  An orc wizard (D:4)
  A tengu skeleton (Dis:1)
  2 ball lightnings (Zot:5)
  An orc (Vaults:5)
  4 briar patches (Swamp:1)
  4 demonic plants (Gauntlet)
  14 fungi
  27 plants
  28 starspawn tentacles
  28 tentacles
  27 withered plants
185 creatures vanquished.

Grand Total: 7702 creatures vanquished

Notes
Turn   | Place    | Note
-------+----------+-------------------------------------------
     0 | D:1      | CannibalFerox the Minotaur Hunter began the quest for the
                  | Orb.
     0 | D:1      | Reached XP level 1. HP: 18/18 MP: 0/0
    71 | D:1      | Reached XP level 2. HP: 21/25 MP: 1/1
    74 | D:1      | Reached skill level 5 in Crossbows
   469 | D:1      | Reached XP level 3. HP: 27/30 MP: 2/2
   946 | D:2      | Noticed Natasha
   959 | D:2      | HP: 1/30 [Natasha (4)]
   960 | D:2      | Killed Natasha
   960 | D:2      | Reached skill level 1 in Axes
   960 | D:2      | Reached XP level 4. HP: 1/37 MP: 3/3
  1250 | D:2      | Found a stormy altar of Qazlal.
  1251 | D:2      | Noticed Natasha
  1257 | D:2      | Killed Natasha
  1257 | D:2      | Reached skill level 1 in Armour
  1324 | D:2      | Noticed Natasha
  1330 | D:2      | Killed Natasha
  1434 | D:2      | Reached XP level 5. HP: 42/45 MP: 4/4
  1788 | D:2      | Found a burning altar of Makhleb.
  2489 | D:3      | Reached XP level 6. HP: 25/51 MP: 5/5
  2804 | D:3      | Noticed a +0 hand axe
  2804 | D:3      | Noticed a +0 dagger
  2808 | D:3      | Found a hide-covered altar of Uskayaw.
  2854 | D:3      | Found a glowing golden altar of the Shining One.
  3414 | D:4      | Reached skill level 1 in Stealth
  3496 | D:4      | Got a steaming ring mail
  3601 | D:4      | Reached XP level 7. HP: 29/58 MP: 6/6
  3639 | D:4      | Reached skill level 1 in Short Blades
  3858 | D:4      | Found a sparkling altar of Nemelex Xobeh.
  3905 | D:4      | Found Meepn's Food Boutique.
  4149 | D:5      | Entered Level 5 of the Dungeon
  4301 | D:5      | Found Nilen's Weapon Shoppe.
  4856 | D:5      | Reached XP level 8. HP: 61/67 MP: 7/7
  5409 | D:5      | Reached skill level 5 in Armour
  5607 | D:5      | Reached skill level 5 in Fighting
  5904 | D:5      | Identified the cursed +0 ring mail of Knowledge {rN+ Int-5
                  | Slay+3} (You found it on level 4 of the Dungeon)
  5973 | D:6      | Found a blossoming altar of Fedhas.
  6000 | D:6      | Found a hazy altar of Hepliaklqana.
  6343 | D:6      | Found a snail-covered altar of Cheibriados.
  6345 | D:6      | Noticed a hippogriff
  6358 | D:6      | Killed a hippogriff
  6358 | D:6      | Reached skill level 1 in Polearms
  6386 | D:6      | Reached XP level 9. HP: 67/74 MP: 8/8
  6566 | D:6      | Found a shimmering altar of Xom.
  6631 | D:6      | Found a snail-covered altar of Cheibriados.
  6670 | D:6      | Found a shimmering blue altar of Sif Muna.
  6880 | D:6      | Reached skill level 10 in Crossbows
  7450 | D:7      | Noticed Pikel
  7485 | D:7      | Killed Pikel
  7485 | D:7      | Reached skill level 5 in Polearms
  7598 | D:7      | Found a shadowy altar of Dithmenos.
  7733 | D:7      | Noticed a troll
  7744 | D:7      | Killed a troll
  7768 | D:7      | Found a staircase to the Ecumenical Temple.
  7801 | Temple   | Entered the Ecumenical Temple
  7926 | Temple   | Became a worshipper of Warmaster Okawaru
  7946 | D:7      | Found Juxku's Gadget Emporium.
  8234 | D:7      | Found a shattered altar of Ashenzari.
  8235 | D:7      | Found a bloodstained altar of Trog.
  8535 | D:8      | Noticed a cyclops
  8574 | D:8      | Reached XP level 10. HP: 38/84 MP: 9/9
  8582 | D:8      | Killed a cyclops
  8582 | D:8      | Reached * piety under Okawaru
  8601 | D:8      | Noticed a two-headed ogre
  8657 | D:8      | Killed a two-headed ogre
  9409 | D:8      | Reached ** piety under Okawaru
 10444 | D:9      | Reached *** piety under Okawaru
 10561 | D:9      | Reached skill level 5 in Dodging
 10561 | D:9      | Reached XP level 11. HP: 42/95 MP: 10/10
 10815 | D:9      | Received a gift from Okawaru
 10919 | D:9      | Found a staircase to the Orcish Mines.
 11156 | D:9      | Noticed an obsidian statue
 11167 | D:9      | Killed an obsidian statue
 11406 | Orc:1    | Entered Level 1 of the Orcish Mines
 11408 | Orc:1    | Noticed Josephine
 11472 | D:9      | Reached **** piety under Okawaru
 11501 | D:9      | Reached skill level 10 in Fighting
 11784 | D:9      | Killed Josephine
 11784 | D:9      | Received a gift from Okawaru
 11793 | Orc:1    | Noticed an orc warlord
 11880 | D:9      | Killed an orc warlord
 11993 | Orc:1    | Reached skill level 1 in Evocations
 12074 | Orc:1    | Found a runed translucent gate.
 12074 | Orc:1    | Found a runed translucent gate.
 12074 | Orc:1    | Found a runed translucent gate.
 12095 | Orc:1    | Noticed an orc sorcerer
 12109 | Orc:1    | Killed an orc sorcerer
 12169 | Orc:1    | Found an opulent altar of Gozag.
 12171 | Orc:1    | Noticed CannibalFerox's ghost (novice DgHu)
 12257 | Orc:1    | Noticed an orc sorcerer
 12261 | Orc:1    | Paralysed by an orc sorcerer for 7 turns
 12272 | Orc:1    | Killed an orc sorcerer
 12272 | Orc:1    | Reached ***** piety under Okawaru
 12272 | Orc:1    | Reached skill level 1 in Invocations
 12567 | D:9      | Killed CannibalFerox's ghost
 12567 | D:9      | Reached XP level 12. HP: 80/110 MP: 10/12
 12758 | Orc:2    | Entered Level 2 of the Orcish Mines
 12761 | Orc:2    | Noticed a two-headed ogre
 12820 | Orc:2    | Killed a two-headed ogre
 12845 | Orc:2    | Noticed a two-headed ogre
 12863 | Orc:2    | Killed a two-headed ogre
 12863 | Orc:2    | Received a gift from Okawaru
 12863 | Orc:2    | Reached skill level 10 in Armour
 13054 | Orc:2    | Noticed a two-headed ogre
 13078 | Orc:2    | Killed a two-headed ogre
 13229 | Orc:2    | Received a gift from Okawaru
 13836 | Orc:2    | Found a staircase to the Elven Halls.
 13910 | Orc:2    | Paralysed by an orc sorcerer for 7 turns
 14041 | Orc:2    | Identified a +1 pair of boots of running (You found it on
                  | level 2 of the Orcish Mines)
 14230 | Orc:2    | Found Tywnabet's Jewellery Boutique.
 14448 | Orc:2    | Bought the amulet of Vitality {Regen+ HP+15} for 1343 gold
                  | pieces
 14448 | Orc:2    | Found the amulet of Vitality {Regen+ HP+15}
 14456 | Orc:2    | Found a roughly hewn altar of Beogh.
 14521 | Orc:2    | Found Coawyuva's Weapon Shop.
 14730 | Orc:2    | Received a gift from Okawaru
 14857 | Orc:2    | Noticed an orc warlord
 15225 | Orc:2    | Killed an orc warlord
 15225 | Orc:2    | Reached XP level 13. HP: 123/123 MP: 13/13
 15451 | Orc:2    | Received a gift from Okawaru
 15569 | Orc:2    | Reached ****** piety under Okawaru
 15621 | Orc:2    | Received a gift from Okawaru
 15643 | Orc:2    | Found Hepsasch's Magic Scroll Shop.
 15968 | Orc:2    | Received a gift from Okawaru
 15995 | Orc:2    | Found Vat Vais's Weapon Boutique.
 16032 | Orc:2    | Found a roughly hewn altar of Beogh.
 16176 | D:10     | Entered Level 10 of the Dungeon
 16271 | D:10     | Found a flagged portal.
 16301 | Bailey   | Entered a bailey
 17349 | D:10     | Found a portal to a secret trove of treasure.
 17639 | D:10     | Found a runed translucent door.
 17644 | D:10     | Noticed laxxamousse2's ghost (novice TrTm)
 17695 | D:10     | Killed laxxamousse2's ghost
 17777 | D:10     | Reached skill level 15 in Fighting
 18091 | D:11     | Found a staircase to the Lair.
 18118 | D:11     | You fall into a shaft and drop 2 floors!
 18294 | D:12     | Received a gift from Okawaru
 18438 | Lair:1   | Entered Level 1 of the Lair of Beasts
 18587 | Lair:1   | Noticed Erica
 18594 | Lair:1   | Killed Erica
 19224 | Lair:2   | Found a staircase to the Swamp.
 19282 | Lair:2   | Received a gift from Okawaru
 19430 | Lair:2   | Reached XP level 14. HP: 135/146 MP: 14/14
 20116 | Lair:3   | Received a gift from Okawaru
 20312 | Lair:3   | Received a gift from Okawaru
 20340 | Lair:3   | Found a hole to the Spider Nest.
 21422 | Lair:4   | Identified a scroll of acquirement
 21685 | Lair:5   | Received a gift from Okawaru
 21845 | Lair:5   | Found a frozen archway.
 21900 | Lair:5   | Got a steaming great mace
 21956 | IceCv    | Entered an ice cave
 22590 | Lair:5   | Received a gift from Okawaru
 22599 | Lair:5   | Got a twisted scale mail {god gift}
 22709 | Lair:5   | Found a staircase to the Slime Pits.
 22709 | Lair:5   | Found a viscous altar of Jiyva.
 23243 | Lair:1   | Identified the +2 scale mail of Duty {*Slow rCorr Str-2
                  | Dex+7} (Okawaru gifted it to you on level 5 of the Lair of
                  | Beasts)
 23796 | Lair:6   | Entered Level 6 of the Lair of Beasts
 23836 | Lair:6   | Found a gate leading to a gauntlet.
 23979 | Gauntlet | Entered a Gauntlet
 23979 | Gauntlet | Found a transporter.
 23999 | Gauntlet | Found a transporter.
 24011 | Gauntlet | Found a transporter.
 24015 | Gauntlet | Found a transporter.
 24033 | Gauntlet | Found a transporter.
 24048 | Gauntlet | Found a transporter.
 24051 | Gauntlet | Found a transporter.
 24055 | Gauntlet | Found a transporter.
 24056 | Gauntlet | Found the cursed necklace of Bloodlust {*Rage +Rage MR++
                  | Int-3 Slay+6 *Curse}
 24097 | Gauntlet | Found a transporter.
 24112 | Gauntlet | Found a transporter.
 24112 | Gauntlet | Found a transporter.
 24115 | Gauntlet | Found a transporter.
 24167 | Gauntlet | Noticed an emperor scorpion
 24168 | Gauntlet | an emperor scorpion changed into a six-headed hydra
 24175 | Gauntlet | Noticed a storm dragon
 24175 | Gauntlet | a six-headed hydra changed into a storm dragon
 24184 | Gauntlet | Noticed an emperor scorpion
 24184 | Gauntlet | a storm dragon changed into an emperor scorpion
 24186 | Gauntlet | an emperor scorpion changed into something unseen
 24193 | Gauntlet | Noticed a storm dragon
 24193 | Gauntlet | a queen ant changed into a storm dragon
 24217 | Gauntlet | a storm dragon changed into a purple draconian
 24219 | Gauntlet | Noticed an azure jelly
 24219 | Gauntlet | a purple draconian changed into an azure jelly
 24226 | Gauntlet | an azure jelly changed into an iron troll
 24232 | Gauntlet | Noticed a quicksilver dragon
 24232 | Gauntlet | an iron troll changed into a quicksilver dragon
 24236 | Gauntlet | a quicksilver dragon changed into a death yak
 24237 | Gauntlet | Noticed a storm dragon
 24237 | Gauntlet | a death yak changed into a storm dragon
 24240 | Gauntlet | Noticed an azure jelly
 24240 | Gauntlet | a storm dragon changed into an azure jelly
 24369 | Gauntlet | Got a bloodstained hat
 24375 | Gauntlet | Identified the +2 hat "Venoiw" {+Inv SInv} (You found it in
                  | a Gauntlet)
 24439 | Gauntlet | Found the +7 mace of Variability {chain chaos}
 24549 | Lair:6   | Reached XP level 15. HP: 165/165 MP: 15/15
 24691 | Lair:6   | Reached skill level 15 in Crossbows
 24701 | Lair:6   | Received a gift from Okawaru
 24720 | Lair:6   | Got a faintly glowing robe {god gift}
 25443 | Lair:6   | Noticed Rupert
 25458 | Lair:6   | Killed Rupert
 25654 | Lair:6   | Found a large runed translucent door.
 25655 | Lair:6   | Found a large runed translucent door.
 26531 | D:11     | Found a burning altar of Makhleb.
 27165 | D:12     | Got a pitted flail
 27171 | D:12     | Got a brightly glowing chain mail
 27189 | D:12     | Identified the +4 flail "Juut" {crush, rN+} (You found it
                  | on level 12 of the Dungeon)
 27562 | D:12     | Found a sparkling altar of Nemelex Xobeh.
 27832 | D:13     | Found a runed translucent door.
 27840 | D:13     | Found a runed translucent door.
 27854 | D:13     | Found a runed translucent door.
 27997 | D:13     | Found a runed translucent door.
 28473 | D:13     | Got a steaming hand axe
 28811 | D:14     | Received a gift from Okawaru
 29339 | D:14     | Found a gate to the Vaults.
 29584 | D:14     | Identified the +7 chain mail of Resonance {*Corrode rElec
                  | rN++ Stlth+} (You found it on level 12 of the Dungeon)
 29594 | D:14     | Identified the cursed +1 hand axe "Hulk" {flame, Fragile
                  | rF+ SInv} (You found it on level 13 of the Dungeon)
 29941 | D:15     | Entered Level 15 of the Dungeon
 30008 | D:15     | Reached skill level 10 in Dodging
 30026 | D:15     | Reached XP level 16. HP: 174/174 MP: 5/16
 30848 | D:15     | Found a staircase to the Depths.
 31485 | Orc:2    | Bought the ring "Caess" {rC++ Dex+4 Slay+3} for 1324 gold
                  | pieces
 31562 | Orc:2    | Bought a scroll of identify for 34 gold pieces
 31562 | Orc:2    | Bought a scroll of teleportation for 51 gold pieces
 31562 | Orc:2    | Bought a scroll of fear for 59 gold pieces
 31780 | Lair:1   | Got a shimmering triple crossbow
 31781 | Lair:1   | Identified the +10 triple crossbow "Nill" {flame, rPois
                  | Str+6} (You acquired it on level 1 of the Lair of Beasts)
 32009 | Depths:1 | Entered Level 1 of the Depths
 32024 | Depths:1 | Received a gift from Okawaru
 32267 | Depths:1 | Noticed Saint Roka
 32285 | Depths:1 | Killed Saint Roka
 32285 | Depths:1 | Received a gift from Okawaru
 32323 | Depths:1 | Noticed a lich
 32335 | Depths:1 | Killed a lich
 32664 | Depths:1 | Received a gift from Okawaru
 33149 | Depths:1 | Found a one-way gate to the infinite horrors of the Abyss.
 33252 | Depths:1 | Found a gateway to Hell.
 33445 | Depths:2 | Paralysed by an ogre mage for 2 turns
 33763 | Depths:2 | Identified the +9 hunting sling "Worm" {freeze, MR+ Dex+3}
 33887 | Depths:2 | Reached XP level 17. HP: 183/183 MP: 17/17
 34058 | Depths:2 | Received a gift from Okawaru
 34644 | Depths:3 | Received a gift from Okawaru
 34844 | Depths:3 | Got a bronze chain mail
 34980 | Depths:3 | Received a gift from Okawaru
 35203 | Depths:3 | Noticed a greater mummy
 35244 | Depths:3 | Killed a greater mummy
 35244 | Depths:3 | Reached XP level 18. HP: 129/191 MP: 16/18
 35330 | Depths:3 | Noticed a greater mummy
 35343 | Depths:3 | Killed a greater mummy
 35343 | Depths:3 | Received a gift from Okawaru
 35523 | Depths:3 | Got a flickering tin amulet
 35535 | Depths:3 | Noticed a greater mummy
 35674 | Depths:3 | Killed a greater mummy
 35674 | Depths:3 | Received a gift from Okawaru
 35936 | Depths:3 | Found a one-way gate leading to the halls of Pandemonium.
 36184 | Depths:3 | Identified the amulet "Yggauqal" {Regen+ Str+4} (You found
                  | it on level 3 of the Depths)
 36223 | Depths:3 | Identified the +5 chain mail of Disappointment {MR+ Str+3
                  | Int+7 Stlth-} (You found it on level 3 of the Depths)
 36908 | Depths:4 | Found a gateway to a ziggurat.
 37008 | Depths:4 | Paralysed by a great orb of eyes for 6 turns
 37133 | Depths:4 | Found Ebrag's One-of-a-Kind Books.
 37221 | Depths:4 | Found a transporter.
 37306 | Depths:4 | You fall into a shaft and drop 1 floor!
 37306 | Depths:5 | Entered Level 5 of the Depths
 37427 | Depths:5 | Received a gift from Okawaru
 37447 | Depths:5 | Paralysed by a great orb of eyes for 4 turns
 37477 | Depths:5 | Found a shadowy altar of Dithmenos.
 37677 | Depths:5 | Received a gift from Okawaru
 37783 | Depths:5 | Noticed a tentacled monstrosity
 37791 | Depths:5 | Killed a tentacled monstrosity
 37901 | Depths:5 | Received a gift from Okawaru
 37948 | Depths:5 | Got a bloodstained scale mail
 37957 | Depths:5 | Received a gift from Okawaru
 38126 | Depths:5 | Received a gift from Okawaru
 38129 | Depths:5 | Got a steaming plate armour {god gift}
 38135 | Depths:5 | Found a gate to the Realm of Zot.
 38421 | Depths:4 | Reached XP level 19. HP: 201/201 MP: 19/19
 38746 | Depths:4 | Found a transporter.
 38796 | Depths:4 | Noticed a lich
 38801 | Depths:4 | Killed a lich
 38803 | Depths:4 | Noticed a golden dragon
 38815 | Depths:4 | Killed a golden dragon
 38955 | Depths:4 | Noticed a golden dragon
 38964 | Depths:4 | Noticed a golden dragon
 38972 | Depths:4 | Killed a golden dragon
 39000 | Depths:4 | Noticed a golden dragon
 39011 | Depths:4 | Killed a golden dragon
 39040 | Depths:4 | Killed a golden dragon
 39040 | Depths:4 | Received a gift from Okawaru
 39048 | Depths:4 | Got a transparent arbalest {god gift}
 39135 | Depths:4 | Identified the +5 arbalest "Zioczu" {velocity, Str+6 Dex+5}
                  | (Okawaru gifted it to you on level 4 of the Depths)
 39168 | Depths:4 | Identified the +5 scale mail of Ucathre {rC+ Str+7} (You
                  | found it on level 5 of the Depths)
 39178 | Depths:4 | Identified the +9 plate armour of Mysticism {rElec rF+ rC+}
                  | (Okawaru gifted it to you on level 5 of the Depths)
 39351 | Depths:4 | Noticed a juggernaut
 39352 | Depths:4 | Noticed a juggernaut
 39399 | Depths:4 | Killed a juggernaut
 39470 | Depths:4 | Noticed a golden dragon
 39492 | Depths:4 | Noticed a Tzitzimitl
 39496 | Depths:4 | Killed a golden dragon
 39510 | Depths:4 | Reached skill level 5 in Stealth
 39628 | Depths:4 | Received a gift from Okawaru
 39639 | Depths:4 | Killed a juggernaut
 39871 | Depths:4 | Got a bound bone ring
 39873 | Depths:4 | Identified the ring "Loucw" {Ice Str+4} (You found it on
                  | level 4 of the Depths)
 39880 | Depths:4 | Got a glittering turquoise ring
 39881 | Depths:4 | Identified the ring "Peorief" {Int+7 Dex+2 Stlth+} (You
                  | found it on level 4 of the Depths)
 39916 | Depths:4 | Got a twitching platinum ring
 39926 | Depths:4 | Identified the ring "Nafaat" {rN+ AC+3 Int-3 Dex+7} (You
                  | found it on level 4 of the Depths)
 40683 | Spider:1 | Entered Level 1 of the Spider Nest
 40766 | Spider:1 | Found a runed translucent gate.
 40767 | Spider:1 | Found a runed translucent gate.
 40768 | Spider:1 | Found a runed translucent gate.
 40770 | Spider:1 | Noticed Cynry's ghost (journeyman VSAr)
 40813 | Spider:1 | Reached XP level 20. HP: 204/211 MP: 15/20
 40818 | Spider:1 | Killed Cynry's ghost
 40857 | Spider:1 | Got fine fire dragon scales
 40883 | Spider:1 | Identified the cursed +0 fire dragon scales of the Sky
                  | {rF++ rC- Dex+6} (You found it on level 1 of the Spider
                  | Nest)
 40960 | Spider:1 | Received a gift from Okawaru
 41218 | Spider:1 | Noticed Aizul
 41224 | Spider:1 | Killed Aizul
 41265 | Spider:1 | Got a transparent leather armour
 41489 | Spider:2 | Noticed Asterion
 41493 | Spider:2 | Killed Asterion
 42571 | Spider:3 | Noticed Arachne
 42610 | Spider:2 | Killed Arachne
 42920 | Spider:3 | Received a gift from Okawaru
 43466 | Spider:4 | Entered Level 4 of the Spider Nest
 44307 | Spider:4 | Noticed Nikola
 44314 | Spider:4 | Killed Nikola
 44733 | Spider:4 | Got a gossamer rune of Zot
 45197 | Lair:1   | Identified the +3 leather armour "Guewke" {Int+7 Dex+3}
                  | (You found it on level 1 of the Spider Nest)
 45311 | Swamp:1  | Entered Level 1 of the Swamp
 45573 | Swamp:1  | Reached XP level 21. HP: 221/221 MP: 21/21
 45599 | Swamp:1  | Received a gift from Okawaru
 45604 | Swamp:1  | Got a bloodstained plate armour {god gift}
 45827 | Swamp:1  | Noticed Frances
 45834 | Swamp:1  | Killed Frances
 47717 | Swamp:4  | Entered Level 4 of the Swamp
 47850 | Swamp:4  | Found a runed translucent door.
 47855 | Swamp:4  | Noticed sentinel's ghost (journeyman GnCK)
 47868 | Swamp:4  | Killed sentinel's ghost
 47880 | Swamp:4  | Got a jewelled leather armour
 48014 | Swamp:4  | Noticed Kirke
 48017 | Swamp:4  | Killed Kirke
 48198 | Swamp:4  | Reached skill level 27 in Crossbows
 48844 | Swamp:4  | Got a decaying rune of Zot
 49146 | Lair:1   | Identified the +5 plate armour of the Immovable Wishes
                  | {rElec} (Okawaru gifted it to you on level 1 of the Swamp)
 49156 | Lair:1   | Identified the +2 leather armour of Obalo {rElec Dex+3}
                  | (You found it on level 4 of the Swamp)
 49411 | Vaults:1 | Entered Level 1 of the Vaults
 49968 | Vaults:1 | Received a gift from Okawaru
 50179 | Vaults:1 | Reached skill level 27 in Fighting
 51219 | Vaults:2 | Reached skill level 15 in Dodging
 51798 | Vaults:2 | Reached XP level 22. HP: 233/233 MP: 22/22
 51937 | Vaults:2 | Received a gift from Okawaru
 52245 | Vaults:2 | Found Kuniosko's Jewellery Shoppe.
 52633 | Vaults:3 | Noticed Xtahua
 52643 | Vaults:3 | Killed Xtahua
 52945 | Vaults:3 | Found a staircase to the Crypt.
 52945 | Vaults:3 | Found an ancient bone altar of Kikubaaqudgha.
 52946 | Vaults:3 | Found a basalt altar of Yredelemnul.
 53533 | Vaults:3 | Noticed Frederick
 53541 | Vaults:3 | Killed Frederick
 54191 | D:10     | You paid a toll of +3 storm dragon scales to enter a
                  | treasure trove
 54192 | Trove    | Entered a treasure trove
 54308 | Trove    | Got a steaming iron amulet
 54355 | Trove    | Got a smoking short sword
 54359 | Trove    | Got an ancient longbow
 54484 | Lair:1   | Identified the amulet of Cedi Lyu {Inacc rN+ Str-5 Int+2}
                  | (You found it in a treasure trove)
 54494 | Lair:1   | Identified the cursed +2 short sword of Yjanyum {flame,
                  | *Slow Int-2 Dex+8} (You found it in a treasure trove)
 54521 | Lair:1   | Reached skill level 5 in Invocations
 54521 | Lair:1   | Reached XP level 23. HP: 240/240 MP: 22/26
 54994 | Vaults:4 | Noticed Mennas
 55009 | Vaults:4 | Killed Mennas
 55009 | Vaults:4 | Received a gift from Okawaru
 55855 | Vaults:4 | Received a gift from Okawaru
 55965 | Vaults:4 | Found Posyim's Book Shop.
 56200 | Vaults:4 | Received a gift from Okawaru
 56889 | Elf:1    | Entered Level 1 of the Elven Halls
 56919 | Elf:1    | Reached XP level 24. HP: 249/249 MP: 26/26
 57456 | Elf:1    | Received a gift from Okawaru
 57622 | Elf:1    | Noticed Louise
 57631 | Elf:1    | Killed Louise
 57756 | Elf:1    | Noticed Jorgrun
 57761 | Elf:1    | Killed Jorgrun
 58410 | Elf:2    | Received a gift from Okawaru
 58520 | Elf:2    | Found Doerphe's Assorted Antiques.
 58568 | Elf:2    | Received a gift from Okawaru
 58671 | Elf:2    | Found a shimmering blue altar of Sif Muna.
 58798 | Elf:2    | Found a runed translucent gate.
 58798 | Elf:2    | Found a runed translucent gate.
 58798 | Elf:2    | Found a runed translucent gate.
 59340 | Elf:3    | Entered Level 3 of the Elven Halls
 59403 | Elf:3    | Found a shimmering blue altar of Sif Muna.
 59667 | Elf:3    | Found Noumuch's Jewellery Shop.
 59668 | Elf:3    | Found Uxewear's Gadget Shoppe.
 59669 | Elf:3    | Found Asusamnu's Jewellery Shop.
 60382 | Elf:3    | Cast into level 3 of the Abyss (a deep elf sorcerer)
 61137 | Abyss:3  | Reached skill level 5 in Axes
 61139 | Elf:3    | Escaped the Abyss
 61299 | Elf:3    | Received a gift from Okawaru
 61638 | Elf:3    | Found the +8 demon trident "Rift" {distort, reach+}
 61639 | Elf:3    | Identified the amulet of Binupsufat {+Rage MP+9 Int+7
                  | Dex+4}
 61640 | Elf:3    | Found the +3 crown of Dyrovepreva {rElec Int+2 SInv}
 61641 | Elf:3    | Reached XP level 25. HP: 257/257 MP: 27/27
 61657 | Elf:3    | Found the +2 hat of the Bear Spirit {Spirit, +Rage rN+
                  | MR++}
 61667 | Elf:3    | Identified the Reference Book on the Entourage and Dark
                  | Rites
 61833 | Elf:3    | Identified the Collected Works on Excruciating Cold
 61917 | Elf:3    | Got an encrusted arbalest
 61918 | Elf:3    | Identified the +5 arbalest of the Magi {flame, rN+} (You
                  | found it on level 3 of the Elven Halls)
 61973 | Elf:3    | Got a scorched war axe
 62038 | Elf:3    | Identified the cursed +3 war axe of the Tomato {chop, rElec
                  | Int+6 Dex+4} (You found it on level 3 of the Elven Halls)
 62978 | Elf:3    | Got an iridescent dagger
 63197 | Elf:3    | Found Noumuch's Jewellery Shop.
 63198 | Elf:3    | Found Uxewear's Gadget Shoppe.
 63199 | Elf:3    | Found Asusamnu's Jewellery Shop.
 63344 | Elf:3    | Found a shimmering blue altar of Sif Muna.
 63971 | Lair:1   | Identified the +3 dagger "Tagrycki" {freeze, MR+} (You
                  | found it on level 3 of the Elven Halls)
 64277 | Vaults:5 | Entered Level 5 of the Vaults
 64417 | Vaults:4 | Received a gift from Okawaru
 64423 | Vaults:4 | Reached skill level 15 in Armour
 64687 | Vaults:5 | Paralysed by a sphinx for 3 turns
 65096 | Vaults:5 | Found Xutynapp's Distillery.
 65145 | Vaults:5 | Bought a potion of curing for 72 gold pieces
 65145 | Vaults:5 | Bought a potion of heal wounds for 120 gold pieces
 65145 | Vaults:5 | Bought a potion of heal wounds for 120 gold pieces
 65145 | Vaults:5 | Bought a potion of heal wounds for 120 gold pieces
 65145 | Vaults:5 | Bought a potion of heal wounds for 120 gold pieces
 65151 | Vaults:5 | Noticed Boris
 65161 | Vaults:5 | Killed Boris
 65311 | Vaults:5 | Noticed an ancient lich
 65315 | Vaults:5 | Found Veiro's Food Shop.
 65330 | Vaults:5 | Killed an ancient lich
 65462 | Vaults:5 | Found Xivuuz's Magic Scroll Shoppe.
 65480 | Vaults:5 | Bought a scroll of blinking for 90 gold pieces
 65480 | Vaults:5 | Bought a scroll of teleportation for 36 gold pieces
 65480 | Vaults:5 | Bought a scroll of blinking for 90 gold pieces
 65550 | Vaults:5 | Found Marin's Food Boutique.
 65568 | Vaults:5 | Noticed an ancient lich
 65582 | Vaults:5 | Killed an ancient lich
 65774 | Vaults:5 | Received a gift from Okawaru
 66445 | Vaults:5 | Reached skill level 1 in Spellcasting
 66586 | Vaults:5 | Received a gift from Okawaru
 66728 | Vaults:5 | Reached skill level 5 in Spellcasting
 67029 | Vaults:5 | Received a gift from Okawaru
 67097 | Vaults:5 | Found Rudebat's Distillery.
 67132 | Vaults:5 | Bought 2 potions of haste for 280 gold pieces
 67132 | Vaults:5 | Bought a potion of heal wounds for 70 gold pieces
 67132 | Vaults:5 | Bought a potion of heal wounds for 70 gold pieces
 67326 | Vaults:5 | Reached XP level 26. HP: 194/266 MP: 24/33
 67374 | Vaults:5 | Found Tairai's General Store.
 67411 | Vaults:5 | Bought a scroll of teleportation for 57 gold pieces
 67417 | Vaults:5 | Got a silver rune of Zot
 67473 | Vaults:5 | Found Qecwam's Jewellery Shop.
 67546 | Vaults:5 | Found Ustrogukha's Gadget Shoppe.
 67827 | Vaults:5 | Found Marin's Food Boutique.
 67834 | Vaults:5 | Found Xivuuz's Magic Scroll Shoppe.
 67841 | Vaults:5 | Found Veiro's Food Shop.
 67984 | Vaults:5 | Found Xutynapp's Distillery.
 68157 | Vaults:5 | Found Rudebat's Distillery.
 68162 | Vaults:5 | Found Tairai's General Store.
 68183 | Vaults:5 | Found Ustrogukha's Gadget Shoppe.
 68188 | Vaults:5 | Found Qecwam's Jewellery Shop.
 68437 | Vaults:5 | Bought a potion of flight for 72 gold pieces
 69193 | Zot:1    | Entered Level 1 of the Realm of Zot
 69423 | Zot:1    | Received a gift from Okawaru
 70244 | Zot:1    | Found the -2 hat of the Alchemist {rElec rPois rF+ rC+ rN+
                  | MR+ rMut rCorr}
 70358 | Zot:1    | Got a faintly humming chain mail
 70384 | Zot:1    | Identified the +9 flail of the Coward {crush, Int+3 SInv}
 70388 | Zot:1    | Received a gift from Okawaru
 70546 | Zot:1    | Received a gift from Okawaru
 70620 | Zot:1    | Identified the +12 chain mail of Brilliance {rElec rCorr
                  | Stlth+} (You found it on level 1 of the Realm of Zot)
 71083 | Zot:2    | Received a gift from Okawaru
 71103 | Zot:2    | Reached XP level 27. HP: 261/273 MP: 35/35
 72506 | Zot:3    | Received a gift from Okawaru
 73174 | Zot:4    | Reached skill level 10 in Spellcasting
 74066 | Zot:5    | Entered Level 5 of the Realm of Zot
 74377 | Zot:5    | Found a runed translucent door.
 74398 | Zot:5    | Noticed mortelune's ghost (legendary DEFE)
 74753 | Zot:5    | Got an ebony dagger
 74872 | Zot:5    | Reached skill level 10 in Polearms
 74960 | Zot:5    | Noticed an ancient lich
 74961 | Zot:5    | Killed an ancient lich
 74961 | Zot:5    | Noticed an orb of fire
 74962 | Zot:5    | Noticed an orb of fire
 74963 | Zot:5    | Gained mutation: You are frail. (-10% HP) [an orb of fire]
 74964 | Zot:5    | Gained mutation: Your magical capacity is low. (-10% MP)
                  | [an orb of fire]
 74968 | Zot:5    | Gained mutation: You expend magic power (3 MP) to
                  | strengthen your wands. [an orb of fire]
 74973 | Zot:5    | Killed an orb of fire
 74973 | Zot:5    | Received a gift from Okawaru
 74976 | Zot:5    | Killed an orb of fire
 74978 | Zot:5    | Reached skill level 15 in Polearms
 74986 | Zot:5    | Noticed an ancient lich
 74988 | Zot:5    | Noticed an orb of fire
 74996 | Zot:5    | Received a gift from Okawaru
 75007 | Zot:5    | HP: 3/245 [orb of fire/bolt of fire (60)]
 75008 | Zot:5    | Gained mutation: You are weak. (Str -2) [an orb of fire]
 75292 | Zot:5    | Noticed an ancient lich
 75306 | Zot:5    | Killed an ancient lich
 75343 | Zot:5    | Killed an ancient lich
 75449 | Zot:5    | Killed an orb of fire
 75601 | Zot:5    | Received a gift from Okawaru
 75641 | Zot:5    | Got a slimy executioner's axe {god gift}
 75706 | Zot:5    | Noticed an orb of fire
 75714 | Zot:5    | Noticed an ancient lich
 75715 | Zot:5    | Gained mutation: Your magical capacity is very low. (-20%
                  | MP) [an orb of fire]
 75719 | Zot:5    | Killed an ancient lich
 75721 | Zot:5    | Noticed an ancient lich
 75723 | Zot:5    | Killed an orb of fire
 75723 | Zot:5    | Noticed an ancient lich
 75724 | Zot:5    | Noticed an orb of fire
 75727 | Zot:5    | Killed an ancient lich
 75732 | Zot:5    | Gained mutation: You evolve. [an orb of fire]
 75740 | Zot:5    | Killed an orb of fire
 75740 | Zot:5    | Reached skill level 10 in Invocations
 75760 | Zot:5    | Killed an ancient lich
 75760 | Zot:5    | Received a gift from Okawaru
 75841 | Zot:5    | Noticed an ancient lich
 75849 | Zot:5    | Killed an ancient lich
 75853 | Zot:5    | Noticed an ancient lich
 75863 | Zot:5    | Killed an ancient lich
 76021 | Zot:5    | Identified the +8 dagger "Ogrebane" {pierce, rElec} (You
                  | found it on level 5 of the Realm of Zot)
 76293 | Depths:4 | Lost mutation: You expend magic power (3 MP) to strengthen
                  | your wands. [evolution]
 76540 | Vaults:5 | Bought a potion of mutation for 112 gold pieces
 76845 | Lair:1   | Identified the +5 executioner's axe of Wariness {flame,
                  | rC+} (Okawaru gifted it to you on level 5 of the Realm of
                  | Zot)
 76926 | Lair:1   | Lost mutation: Your magical capacity is very low. (-20% MP)
                  | [potion of mutation]
 76926 | Lair:1   | Lost mutation: Your magical capacity is low. (-10% MP)
                  | [potion of mutation]
 76926 | Lair:1   | Gained mutation: Your body sometimes deteriorates upon
                  | taking damage. [potion of mutation]
 76926 | Lair:1   | Gained mutation: Scrolls take you a little longer to read.
                  | [potion of mutation]
 76926 | Lair:1   | Gained mutation: You have large cloven feet. [potion of
                  | mutation]
 76927 | Lair:1   | Lost mutation: You are weak. (Str -2) [potion of mutation]
 76927 | Lair:1   | Lost mutation: You have large cloven feet. [potion of
                  | mutation]
 76927 | Lair:1   | Lost mutation: Scrolls take you a little longer to read.
                  | [potion of mutation]
 76927 | Lair:1   | Gained mutation: Your flesh is heat resistant. (rF+)
                  | [potion of mutation]
 76928 | Lair:1   | Lost mutation: Your flesh is heat resistant. (rF+) [potion
                  | of mutation]
 76928 | Lair:1   | Lost mutation: You evolve. [potion of mutation]
 76928 | Lair:1   | Gained mutation: You have a somewhat thin skeletal
                  | structure. (Dex +2, Stealth) [potion of mutation]
 76928 | Lair:1   | Gained mutation: You are somewhat resistant to further
                  | mutation. [potion of mutation]
 76929 | Lair:1   | Lost mutation: You are frail. (-10% HP) [potion of
                  | mutation]
 76929 | Lair:1   | Lost mutation: You are somewhat resistant to further
                  | mutation. [potion of mutation]
 76929 | Lair:1   | Lost mutation: Your body sometimes deteriorates upon taking
                  | damage. [potion of mutation]
 76929 | Lair:1   | Gained mutation: You are agile. (Dex +2) [potion of
                  | mutation]
 76929 | Lair:1   | Gained mutation: You are partially covered in slimy green
                  | scales. (AC +2) [potion of mutation]
 77037 | Lair:1   | Identified the +11 great mace of the Shining Light {speed,
                  | rPois rF+ rN+ Dex-5} (You found it on level 5 of the Lair
                  | of Beasts)
 77152 | Slime:1  | Entered Level 1 of the Pits of Slime
 77173 | Slime:1  | Gained mutation: You are frail. (-10% HP) [a shining eye]
 77192 | Lair:5   | Received a gift from Okawaru
 77639 | Lair:5   | Found a viscous altar of Jiyva.
 77639 | Lair:5   | Found a staircase to the Slime Pits.
 78113 | Slime:2  | Received a gift from Okawaru
 78151 | Slime:1  | Received a gift from Okawaru
 78612 | Slime:2  | Reached skill level 10 in Stealth
 78686 | Slime:3  | Reached skill level 10 in Axes
 79581 | Slime:3  | Found a viscous altar of Jiyva.
 79754 | Slime:5  | Entered Level 5 of the Pits of Slime
 79861 | Slime:5  | Received a gift from Okawaru
 79862 | Slime:5  | Found the +8 frozen axe "Frostbite" {freezing cloud, *Noise
                  | +Fly rC+}
 80405 | Slime:5  | Found a viscous altar of Jiyva.
 80406 | Slime:5  | Noticed the Royal Jelly
 80429 | Slime:5  | Killed the Royal Jelly
 80843 | Slime:5  | Got a slimy rune of Zot
 80890 | Slime:5  | Got a crystal battleaxe
 80895 | Slime:5  | Got a polished flail
 80898 | Slime:5  | Got a dazzling chain mail
 80943 | Slime:5  | Identified the +6 battleaxe of Gotatot {chop, rElec MP+9}
                  | (You found it on level 5 of the Pits of Slime)
 80944 | Slime:5  | Identified the cursed +0 flail "Kotu" {distort, rN++} (You
                  | found it on level 5 of the Pits of Slime)
 80960 | Slime:5  | Got a bloodstained hand axe
 80961 | Slime:5  | Identified the +6 hand axe of Balance {elec, Stlth+} (You
                  | found it on level 5 of the Pits of Slime)
 80981 | Slime:5  | Gained mutation: Scrolls take you a little longer to read.
                  | [mutagenic glow]
 80988 | Slime:5  | Got a slimy dire flail
 80999 | Slime:5  | Identified the +4 dire flail "Etwoevu" {crush, rElec rF-
                  | Str-4 SInv} (You found it on level 5 of the Pits of Slime)
 81349 | Lair:1   | Identified the +6 chain mail "Hero's Friend" {rPois rC+
                  | rCorr} (You found it on level 5 of the Pits of Slime)
 81588 | Orc:2    | Bought a scroll of enchant armour for 127 gold pieces
 81687 | Elf:2    | Bought a scroll of magic mapping for 136 gold pieces
 81687 | Elf:2    | Bought a scroll of enchant armour for 292 gold pieces
 81687 | Elf:2    | Bought a scroll of enchant armour for 292 gold pieces
 82015 | D:3      | Fell from the grace of Okawaru
 82015 | D:3      | Became a worshipper of the Shining One
 82505 | Crypt:1  | Entered Level 1 of the Crypt
 82514 | Crypt:1  | Reached * piety under the Shining One
 82545 | Crypt:1  | Reached ** piety under the Shining One
 82549 | Crypt:1  | Noticed Donald
 82552 | Crypt:1  | Killed Donald
 82630 | Crypt:1  | Reached *** piety under the Shining One
 82756 | Crypt:1  | Reached **** piety under the Shining One
 82758 | Crypt:1  | Reached skill level 15 in Axes
 83565 | Crypt:2  | Reached ***** piety under the Shining One
 83567 | Crypt:2  | Noticed Khufu
 83716 | Crypt:2  | Killed Khufu
 83743 | Crypt:2  | Noticed Margery
 83749 | Crypt:2  | Killed Margery
 83806 | Crypt:2  | Found a runed translucent gate.
 83810 | Crypt:2  | Found a runed translucent gate.
 83810 | Crypt:2  | Noticed an ancient lich
 83915 | Crypt:2  | Reached ****** piety under the Shining One
 84050 | Crypt:2  | Noticed Houmnergh's ghost (master GnTm)
 84051 | Crypt:2  | Found an ancient bone altar of Kikubaaqudgha.
 84051 | Crypt:2  | Found a runed translucent gate.
 84051 | Crypt:2  | Noticed yalue's ghost (adept MiFi)
 84052 | Crypt:2  | Noticed an ancient lich
 84706 | D:3      | Identified a +4 triple crossbow of holy wrath (a +2 triple
                  | crossbow of freezing blessed by the Shining One)
 84706 | D:3      | Received a gift from the Shining One
 85305 | Crypt:3  | Entered Level 3 of the Crypt
 85416 | Crypt:2  | Killed an ancient lich
 85416 | Crypt:2  | Reached skill level 27 in Dodging
 85429 | Crypt:2  | Killed an ancient lich
 85430 | Crypt:2  | Killed Houmnergh's ghost
 85433 | Crypt:2  | Killed yalue's ghost
 85461 | Crypt:2  | Got a pair of distressingly furry boots
 85471 | Crypt:2  | Got a twitching iron ring
 85491 | Crypt:2  | Identified the cursed +0 pair of boots of the Planets
                  | {rElec rC- MR+ Dex+3} (You found it on level 2 of the
                  | Crypt)
 85492 | Crypt:2  | Identified the ring "Kuacoth" {rN+ Dex+4 Stlth-} (You found
                  | it on level 2 of the Crypt)
 86118 | Crypt:3  | Got a bound platinum amulet
 86319 | Crypt:3  | Found an ancient bone altar of Kikubaaqudgha.
 86548 | Crypt:3  | Identified the ring of Bygh {rPois rN+ Int+3 Stlth-}
 86549 | Crypt:3  | Identified the ring of the Voivode {rN+ Dex+3}
 86554 | Crypt:3  | Noticed an ancient lich
 86558 | Crypt:3  | Killed an ancient lich
 86585 | Crypt:3  | Got a scintillating turquoise ring
 86585 | Crypt:3  | Got a crude wooden ring
 86645 | Crypt:3  | Reached skill level 1 in Maces & Flails
 86920 | Crypt:3  | Reached skill level 5 in Maces & Flails
 87451 | Crypt:3  | Got a transparent war axe
 87609 | Crypt:3  | Found a staircase to the Tomb.
 88471 | Vaults:3 | Learned a level 1 spell: Apportation
 88474 | Vaults:3 | Learned a level 2 spell: Blink
 88477 | Vaults:3 | Learned a level 2 spell: Song of Slaying
 88692 | Lair:1   | Identified the +9 war axe of the Distant Future {drain,
                  | Int+3} (You found it on level 3 of the Crypt)
 88712 | Lair:1   | Identified the amulet "Pippi" {Acrobat Str+3 SInv Stlth-}
                  | (You found it on level 3 of the Crypt)
 88725 | Lair:1   | Identified the ring "Raitean" {rC- rN+ Str+4 Dex+5} (You
                  | found it on level 3 of the Crypt)
 88727 | Lair:1   | Identified the ring "Juroecs" {*Tele Str+3} (You found it
                  | on level 3 of the Crypt)
 89615 | Lair:1   | Got a heavily runed cloak
 89626 | Lair:1   | Identified the +1 cloak of Articulation {Str+4} (You
                  | acquired it on level 1 of the Lair of Beasts)
 89630 | Lair:1   | Got a heavily runed hat
 89641 | Lair:1   | Identified the +2 hat of the Peasants {rPois Int+3} (You
                  | acquired it on level 1 of the Lair of Beasts)
 89983 | Depths:1 | Voluntarily entered the Abyss.
 90029 | Abyss:1  | Reached skill level 10 in Maces & Flails
 90037 | Abyss:1  | Noticed an ancient lich
 90039 | Abyss:1  | Killed an ancient lich
 90430 | Abyss:1  | Found a radiant altar of Vehumet.
 90627 | Abyss:1  | Reached skill level 15 in Maces & Flails
 90982 | Depths:1 | Escaped the Abyss
 91042 | Hell     | Entered the Vestibule of Hell
 91042 | Hell     | Noticed Geryon
 91223 | Hell     | Found a gateway to the freezing wastes of Cocytus.
 91549 | Hell     | Killed Geryon
 91987 | Hell     | Found a gateway to the Iron City of Dis.
 92058 | Hell     | Found a gateway to the ashen valley of Gehenna.
 92164 | Hell     | Found a gateway to the decaying netherworld of Tartarus.
 92359 | Dis:1    | Entered Level 1 of the Iron City of Dis
 93361 | Dis:1    | Was forgiven by Okawaru
 94207 | Dis:2    | Gained mutation: Armour fits poorly on your strangely
                  | shaped body. [mutagenic glow]
 94394 | Dis:3    | HP: 12/245 [iron giant/cursed -3 giant spiked club (33)]
 95988 | Dis:4    | You fall into a shaft and drop 2 floors!
 96139 | Dis:6    | Gained mutation: You do not regenerate when monsters are
                  | visible. [mutagenic glow]
 96179 | Dis:6    | Gained mutation: Your body sometimes deteriorates upon
                  | taking damage. [mutagenic glow]
 98470 | Dis:7    | Entered Level 7 of the Iron City of Dis
 99722 | Dis:7    | Gained mutation: You are very frail. (-20% HP) [a
                  | cacodemon]
100057 | Dis:7    | Gained mutation: You are occasionally teleported next to
                  | monsters. [mutagenic glow]
100600 | Dis:7    | Identified the +4 staff of Dispater
100600 | Dis:7    | Noticed Dispater
101085 | Dis:7    | Got a flickering copper amulet
101340 | Dis:7    | Killed Dispater
101342 | Dis:7    | Reached skill level 27 in Armour
101472 | Dis:7    | Got an iron rune of Zot
101474 | Dis:7    | Got a twisted scale mail
101583 | Tar:1    | Entered Level 1 of Tartarus
102234 | Tar:1    | Gained mutation: Your body often deteriorates upon taking
                  | damage. [mutagenic glow]
102286 | Tar:1    | Gained mutation: Scrolls take you longer to read.
                  | [mutagenic glow]
102336 | Tar:1    | Gained mutation: You are weak. (Str -2) [mutagenic glow]
102996 | Tar:1    | Reached skill level 27 in Axes
104128 | Tar:2    | Reached skill level 15 in Invocations
104264 | Tar:2    | Reached skill level 15 in Stealth
106852 | Tar:5    | Gained mutation: Scrolls take you much longer to read.
                  | [mutagenic glow]
108350 | Tar:6    | Gained mutation: You are very weak. (Str -4) [mutagenic
                  | glow]
109177 | Tar:6    | Identified the amulet "Eneutas" {+Rage rPois} (You found it
                  | on level 7 of the Iron City of Dis)
109178 | Tar:7    | Entered Level 7 of Tartarus
109871 | Tar:7    | Noticed Ereshkigal
109884 | Tar:7    | Paralysed by Ereshkigal for 2 turns
109885 | Tar:7    | HP: 5/182 [Tzitzimitl[the effects of Hell] (10)]
109900 | Tar:7    | Killed Ereshkigal
110527 | Tar:7    | Got a bone rune of Zot
110819 | Tar:7    | Got a translucent scale mail
110825 | Tar:7    | Identified Veurodgh's Volume of Ignition
110828 | Tar:7    | Got a heavily runed chain mail
111078 | Tar:7    | Got a warped tin ring
111102 | Tar:7    | Identified Huwoeshre's Catalogue of Confrontation
111120 | Tar:7    | Got a shimmering platinum ring
111149 | Tar:7    | Got a pitted dagger
111212 | Tar:7    | Noticed an ancient lich
111217 | Tar:7    | Killed an ancient lich
111217 | Tar:7    | Reached skill level 5 in Evocations
111249 | Tar:7    | Found the ring of the Octopus King
111291 | Tar:7    | Got a ring of the Octopus King
111306 | Tar:7    | Identified the cursed +0 scale mail of the Moon {Int+7}
                  | (You found it on level 7 of the Iron City of Dis)
111308 | Tar:7    | Identified a ring of the Octopus King {rCorr AC+1 EV+1
                  | Str+1 Int+1 Dex+1} (You found it on level 7 of Tartarus)
111310 | Tar:7    | Identified the ring "Buish" {rElec rCorr} (You found it on
                  | level 7 of Tartarus)
111312 | Tar:7    | Identified the ring of Qoebrak {*Corrode rF++ Str+3} (You
                  | found it on level 7 of Tartarus)
111318 | Tar:7    | Identified the cursed +0 dagger of Youthful Indiscretion
                  | {venom, Str+3} (You found it on level 7 of Tartarus)
111343 | Tar:7    | Identified the +5 scale mail "Yrilaideme" {-Cast rElec
                  | rN+++ MR+} (You found it on level 7 of Tartarus)
111353 | Tar:7    | Identified the +8 chain mail "Geumoar" {rF+ MR++ Str-5}
                  | (You found it on level 7 of Tartarus)
112065 | Geh:1    | Entered Level 1 of Gehenna
115288 | Geh:4    | Found a shimmering altar of Xom.
115440 | Geh:4    | Found a burning altar of Makhleb.
117308 | Geh:7    | Entered Level 7 of Gehenna
117487 | Geh:7    | Reached skill level 10 in Evocations
118582 | Geh:7    | Identified the +7 sceptre of Asmodeus
118582 | Geh:7    | Noticed Asmodeus
118610 | Geh:7    | Killed Asmodeus
118664 | Geh:7    | Got an obsidian rune of Zot
119541 | Geh:7    | Got a thick robe
120226 | Coc:1    | Entered Level 1 of Cocytus
121917 | Lair:1   | Lost mutation: Scrolls take you much longer to read.
                  | [potion of mutation]
121917 | Lair:1   | Lost mutation: You are agile. (Dex +2) [potion of mutation]
121917 | Lair:1   | Lost mutation: Armour fits poorly on your strangely shaped
                  | body. [potion of mutation]
121917 | Lair:1   | Lost mutation: You are very frail. (-20% HP) [potion of
                  | mutation]
121917 | Lair:1   | Gained mutation: Armour fits poorly on your strangely
                  | shaped body. [potion of mutation]
121917 | Lair:1   | Gained mutation: You have a pair of large horns on your
                  | head. [potion of mutation]
122175 | Zig:1    | Entered Level 1 of a ziggurat
122197 | Zig:2    | Entered Level 2 of a ziggurat
122225 | Zig:3    | Entered Level 3 of a ziggurat
122270 | Zig:4    | Entered Level 4 of a ziggurat
122308 | Zig:4    | Got a flickering steel amulet
122321 | Zig:5    | Entered Level 5 of a ziggurat
122355 | Zig:5    | Identified Kaoda's Handbook of Lightness and Confrontation
122412 | Zig:6    | Entered Level 6 of a ziggurat
122420 | Zig:6    | Paralysed by a floating eye for 2 turns
122596 | Zig:7    | Entered Level 7 of a ziggurat
122623 | Zig:7    | Got a brightly glowing golden ring
122624 | Zig:7    | Identified Beif's Volume of Bewitching Transmutation
122671 | Zig:8    | Entered Level 8 of a ziggurat
122806 | Zig:8    | Identified the Tome of the Vitriolic Frostbite
122822 | Zig:8    | Lost mutation: Scrolls take you longer to read. [potion of
                  | mutation]
122822 | Zig:8    | Lost mutation: You do not regenerate when monsters are
                  | visible. [potion of mutation]
122822 | Zig:8    | Lost mutation: You have a pair of large horns on your head.
                  | [potion of mutation]
122822 | Zig:8    | Gained mutation: Your spells are a little harder to cast,
                  | but a little more powerful. [potion of mutation]
122823 | Zig:8    | Lost mutation: You are frail. (-10% HP) [potion of
                  | mutation]
122823 | Zig:8    | Lost mutation: Scrolls take you a little longer to read.
                  | [potion of mutation]
122823 | Zig:8    | Lost mutation: Your body often deteriorates upon taking
                  | damage. [potion of mutation]
122823 | Zig:8    | Gained mutation: You are robust. (+10% HP) [potion of
                  | mutation]
122823 | Zig:8    | Lost mutation: You are robust. (+10% HP) [potion of
                  | mutation]
122823 | Zig:8    | Gained mutation: Your mind is acute. (Int +2) [potion of
                  | mutation]
122891 | Zig:9    | Entered Level 9 of a ziggurat
123005 | Zig:10   | Entered Level 10 of a ziggurat
123186 | Zig:10   | Identified the amulet "Viuthroi" {Gourm rC+ Dex+2 Slay+2}
                  | (You found it on level 4 of a ziggurat)
123215 | Zig:10   | Got a flickering bone ring
123219 | Zig:10   | Identified the ring of the Spinneret {Fire Str-5 Dex+6
                  | Slay-3 Stlth+} (You found it on level 10 of a ziggurat)
123221 | Zig:10   | Identified the ring "Eloal" {rC+ MR- Int+9} (You found it
                  | on level 7 of a ziggurat)
123257 | Zig:11   | Entered Level 11 of a ziggurat
123264 | Zig:11   | Noticed an ancient lich
123276 | Zig:11   | Killed an ancient lich
123312 | Zig:11   | Reached skill level 15 in Evocations
123458 | Zig:12   | Entered Level 12 of a ziggurat
123685 | Zig:12   | Lost mutation: Your body sometimes deteriorates upon taking
                  | damage. [potion of mutation]
123685 | Zig:12   | Lost mutation: Your spells are a little harder to cast, but
                  | a little more powerful. [potion of mutation]
123685 | Zig:12   | Lost mutation: Armour fits poorly on your strangely shaped
                  | body. [potion of mutation]
123685 | Zig:12   | Lost mutation: Your mind is acute. (Int +2) [potion of
                  | mutation]
123685 | Zig:12   | Gained mutation: Your spells are a little harder to cast,
                  | but a little more powerful. [potion of mutation]
123685 | Zig:12   | Lost mutation: Your spells are a little harder to cast, but
                  | a little more powerful. [potion of mutation]
123685 | Zig:12   | Gained mutation: You have a beak for a mouth. [potion of
                  | mutation]
123686 | Zig:12   | Lost mutation: You are very weak. (Str -4) [potion of
                  | mutation]
123686 | Zig:12   | Lost mutation: You are partially covered in slimy green
                  | scales. (AC +2) [potion of mutation]
123686 | Zig:12   | Lost mutation: You are weak. (Str -2) [potion of mutation]
123686 | Zig:12   | Gained mutation: You are covered in fur. (AC +1) [potion of
                  | mutation]
123686 | Zig:12   | Gained mutation: You are resistant to electric shocks.
                  | (rElec) [potion of mutation]
123689 | Zig:12   | Got a bound bronze amulet
123690 | Zig:12   | Identified the amulet "Sour" {Harm *Drain rPois Int-2 Dex+7
                  | Stlth-} (You found it on level 12 of a ziggurat)
123744 | Zig:13   | Entered Level 13 of a ziggurat
123897 | Zig:13   | Identified the Disquisition on Companions
123923 | Zig:13   | Lost mutation: You have a beak for a mouth. [potion of
                  | mutation]
123923 | Zig:13   | Lost mutation: You are occasionally teleported next to
                  | monsters. [potion of mutation]
123923 | Zig:13   | Gained mutation: Your spells are a little harder to cast,
                  | but a little more powerful. [potion of mutation]
123923 | Zig:13   | Gained mutation: You are agile. (Dex +2) [potion of
                  | mutation]
123927 | Zig:13   | Got a scorched ivory ring
123957 | Zig:14   | Entered Level 14 of a ziggurat
124282 | Zig:14   | Got an ancient mace
124283 | Zig:14   | Identified the +3 mace "Toetz" {chaos, rN+ Dex+3} (You
                  | found it on level 14 of a ziggurat)
124299 | Zig:14   | Got a fine hand crossbow
124300 | Zig:14   | Identified the +7 hand crossbow "Earthworm" {venom, rPois
                  | rC+ Int-4} (You found it on level 14 of a ziggurat)
124310 | Zig:14   | Got a glittering turquoise ring
124312 | Zig:14   | Identified the ring "Roteis" {AC+1 Dex+4} (You found it on
                  | level 13 of a ziggurat)
124314 | Zig:14   | Identified the ring of Rogiepoo {Fire Str+2 Dex+3} (You
                  | found it on level 14 of a ziggurat)
124356 | Zig:15   | Entered Level 15 of a ziggurat
124364 | Zig:15   | Noticed a greater mummy
124364 | Zig:15   | Noticed a greater mummy
124379 | Zig:15   | Noticed a greater mummy
124379 | Zig:15   | Noticed a greater mummy
124379 | Zig:15   | Noticed a greater mummy
124380 | Zig:15   | Noticed a greater mummy
124382 | Zig:16   | Entered Level 16 of a ziggurat
124829 | Lair:1   | Upgraded the game from 0.24.0-125-gc4c63601f3 to 0.24.1
125107 | Pan      | Entered Pandemonium
125481 | Pan      | Noticed Foexaep the pandemonium lord
125485 | Pan      | Killed Foexaep the pandemonium lord
126264 | Pan      | Noticed Syavafaq the pandemonium lord
126268 | Pan      | Killed Syavafaq the pandemonium lord
126947 | Pan      | Found an exit through the horrors of the Abyss.
127050 | Pan      | Noticed Leahotui the pandemonium lord
127056 | Pan      | Found a runed translucent door.
127334 | Pan      | Killed Leahotui the pandemonium lord
127819 | Depths:3 | Escaped Pandemonium
128468 | Tomb:1   | Entered Level 1 of the Tomb of the Ancients
129243 | Tomb:1   | Noticed a greater mummy
129251 | Tomb:1   | Killed a greater mummy
129471 | Tomb:1   | Noticed a greater mummy
129477 | Tomb:1   | Killed a greater mummy
129790 | Tomb:2   | Noticed Boris
129792 | Tomb:2   | Noticed a greater mummy
129793 | Tomb:2   | Noticed a greater mummy
129794 | Tomb:2   | Noticed a greater mummy
129794 | Tomb:2   | Noticed an ancient lich
129800 | Tomb:2   | Noticed a greater mummy
129801 | Tomb:2   | Killed Boris
129802 | Tomb:2   | Killed a greater mummy
129825 | Tomb:2   | Reached skill level 27 in Stealth
130243 | Tomb:2   | Killed a greater mummy
130279 | Tomb:2   | Killed a greater mummy
130288 | Tomb:2   | Killed an ancient lich
130294 | Tomb:2   | Killed a greater mummy
130818 | Tomb:1   | Noticed a greater mummy
130818 | Tomb:1   | Noticed a greater mummy
130822 | Tomb:1   | Killed a greater mummy
130822 | Tomb:1   | Noticed a greater mummy
130825 | Tomb:1   | Noticed a greater mummy
131050 | Tomb:1   | Noticed a greater mummy
131051 | Tomb:1   | Noticed a greater mummy
131052 | Tomb:1   | Noticed a greater mummy
131054 | Tomb:1   | Noticed a greater mummy
131060 | Tomb:1   | Killed a greater mummy
131062 | Tomb:1   | Killed a greater mummy
131074 | Tomb:1   | Killed a greater mummy
131434 | Tomb:1   | Noticed a greater mummy
131435 | Tomb:1   | Noticed a greater mummy
131438 | Tomb:1   | Noticed a greater mummy
131438 | Tomb:1   | Noticed a greater mummy
131439 | Tomb:1   | Noticed a greater mummy
131443 | Tomb:1   | Killed a greater mummy
131446 | Tomb:1   | Killed a greater mummy
131673 | Tomb:1   | Killed a greater mummy
131926 | Tomb:1   | Killed a greater mummy
132119 | Tomb:1   | Killed a greater mummy
132196 | Tomb:1   | Noticed a greater mummy
132213 | Tomb:1   | Killed a greater mummy
132390 | Tomb:1   | Killed a greater mummy
132421 | Tomb:1   | Killed a greater mummy
132426 | Tomb:1   | Noticed a greater mummy
132431 | Tomb:1   | Killed a greater mummy
132478 | Tomb:1   | Killed a greater mummy
132484 | Tomb:1   | Killed a greater mummy
132633 | Tomb:1   | Noticed a greater mummy
132655 | Tomb:1   | Killed a greater mummy
132681 | Tomb:1   | Noticed a greater mummy
132737 | Tomb:1   | Noticed a greater mummy
132845 | Tomb:1   | Killed a greater mummy
133016 | Tomb:1   | Killed a greater mummy
133205 | Tomb:1   | Noticed a greater mummy
133212 | Tomb:1   | Noticed a greater mummy
133328 | Tomb:1   | Noticed a greater mummy
133347 | Tomb:1   | Noticed a greater mummy
133348 | Tomb:1   | Noticed a greater mummy
133433 | Tomb:1   | Noticed a greater mummy
133433 | Tomb:1   | Noticed a greater mummy
133499 | Tomb:1   | Killed a greater mummy
133622 | Tomb:1   | Killed a greater mummy
133656 | Tomb:1   | Noticed a greater mummy
133699 | Tomb:1   | Killed a greater mummy
133978 | Tomb:1   | Killed a greater mummy
134160 | Tomb:1   | Killed a greater mummy
134324 | Tomb:1   | Killed a greater mummy
134324 | Tomb:1   | Reached skill level 27 in Invocations
134364 | Tomb:1   | Noticed a greater mummy
134657 | Tomb:1   | Killed a greater mummy
134659 | Tomb:1   | Killed a greater mummy
134662 | Tomb:1   | Killed a greater mummy
135341 | Tomb:3   | Entered Level 3 of the Tomb of the Ancients
135375 | Tomb:3   | Noticed a greater mummy
135376 | Tomb:3   | Noticed a greater mummy
135380 | Tomb:3   | Killed a greater mummy
135381 | Tomb:3   | Noticed a greater mummy
135383 | Tomb:3   | Noticed a greater mummy
135384 | Tomb:3   | Noticed a greater mummy
135391 | Tomb:3   | Found the +8 arc blade {discharge, rElec}
135580 | Tomb:3   | Noticed a greater mummy
135583 | Tomb:3   | Found the ring of Shadows {Umbra +Inv Stlth+}
135586 | Tomb:3   | Identified the Collected Works on the Supportive Oath
135636 | Tomb:3   | Noticed a greater mummy
135638 | Tomb:3   | Noticed an ancient lich
135638 | Tomb:3   | Noticed a greater mummy
135643 | Tomb:3   | Killed a greater mummy
135645 | Tomb:3   | Killed an ancient lich
135656 | Tomb:3   | Killed a greater mummy
135656 | Tomb:3   | Killed a greater mummy
135657 | Tomb:3   | Killed a greater mummy
135675 | Tomb:3   | Killed a greater mummy
135877 | Tomb:3   | Killed a greater mummy
135917 | Tomb:3   | Killed a greater mummy
135950 | Tomb:3   | Found the +3 sling "Punk" {acid, rCorr}
136467 | Tomb:3   | Got a golden rune of Zot
136507 | Tomb:3   | Identified Mabuta's Reference Book on Lucky Calling
138163 | Tomb:3   | Got a twitching granite ring
138226 | Tomb:3   | Got a crude granite ring
138233 | Tomb:3   | Got a distressingly furry scale mail
138242 | Tomb:3   | Identified the +1 scale mail of the Ward {rElec rPois rCorr
                  | Dex-5} (You found it on level 3 of the Tomb of the
                  | Ancients)
138245 | Tomb:3   | Identified the ring of Yxauwu {Ice MR+} (You found it on
                  | level 3 of the Tomb of the Ancients)
138246 | Tomb:3   | Identified the ring "Ydoaxuu" {Ice Int-2 Dex+5} (You found
                  | it on level 3 of the Tomb of the Ancients)
138817 | D:4      | Bought a ration for 50 gold pieces
138817 | D:4      | Bought a ration for 50 gold pieces
138817 | D:4      | Bought a ration for 50 gold pieces
138817 | D:4      | Bought a ration for 50 gold pieces
138817 | D:4      | Bought a ration for 50 gold pieces
138817 | D:4      | Bought a ration for 50 gold pieces
138817 | D:4      | Bought a ration for 50 gold pieces
138817 | D:4      | Bought a ration for 50 gold pieces
138817 | D:4      | Bought a ration for 50 gold pieces
138817 | D:4      | Bought a ration for 50 gold pieces
138817 | D:4      | Bought a ration for 50 gold pieces
138817 | D:4      | Bought a ration for 50 gold pieces
139119 | Vaults:5 | Bought a ration for 50 gold pieces
139119 | Vaults:5 | Bought a ration for 50 gold pieces
139119 | Vaults:5 | Bought a ration for 50 gold pieces
139119 | Vaults:5 | Bought a ration for 50 gold pieces
139119 | Vaults:5 | Bought a ration for 50 gold pieces
139119 | Vaults:5 | Bought a ration for 50 gold pieces
139119 | Vaults:5 | Bought a ration for 50 gold pieces
139119 | Vaults:5 | Bought a ration for 50 gold pieces
139141 | Vaults:5 | Bought a ration for 60 gold pieces
139141 | Vaults:5 | Bought a ration for 60 gold pieces
139141 | Vaults:5 | Bought a ration for 60 gold pieces
139141 | Vaults:5 | Bought a ration for 60 gold pieces
139141 | Vaults:5 | Bought a ration for 60 gold pieces
139141 | Vaults:5 | Bought a ration for 60 gold pieces
139141 | Vaults:5 | Bought a ration for 60 gold pieces
139152 | Vaults:5 | Bought a scroll of fog for 24 gold pieces
139152 | Vaults:5 | Bought a scroll of silence for 90 gold pieces
139752 | Pan      | Entered Pandemonium
139761 | Pan      | Reached skill level 1 in Charms
139765 | Pan      | Noticed Zian the pandemonium lord
139773 | Pan      | Paralysed by a floating eye for 2 turns
139778 | Pan      | Paralysed by a floating eye for 2 turns
139781 | Pan      | Killed Zian the pandemonium lord
139785 | Pan      | Reached skill level 5 in Charms
140074 | Pan      | Got a fine scale mail
141262 | Pan      | Noticed Kistror the pandemonium lord
141270 | Pan      | Killed Kistror the pandemonium lord
141270 | Pan      | Reached skill level 10 in Charms
141525 | Pan      | Reached skill level 1 in Earth Magic
141559 | Pan      | Got a demonic rune of Zot
141767 | Pan      | Reached skill level 5 in Earth Magic
141983 | Pan      | Noticed Sakoruu the pandemonium lord
141988 | Pan      | Killed Sakoruu the pandemonium lord
142522 | Pan      | Entered the realm of Cerebov.
142661 | Pan      | Reached skill level 10 in Earth Magic
143422 | Pan      | Identified the +6 sword of Cerebov {flame}
143422 | Pan      | Noticed Cerebov
143493 | Pan      | Killed Cerebov
143720 | Pan      | Got a fiery rune of Zot
143807 | Pan      | Got a transparent scale mail
143809 | Pan      | Got a warped dagger
143817 | Pan      | Identified the +5 scale mail "Xozxuu Kugoz" {rElec Dex+4}
                  | (You found it in Pandemonium)
143818 | Pan      | Identified the +6 scale mail "Qaubbed" {rElec rN+ Str+5
                  | Int-2} (You found it in Pandemonium)
143820 | Pan      | Identified the +6 dagger "Xuismoc" {protect, +Fly rPois
                  | Str-4} (You found it in Pandemonium)
143945 | Pan      | Entered the realm of Gloorx Vloq.
144601 | Pan      | Got a brightly glowing dire flail
144851 | Pan      | Noticed Gloorx Vloq
144862 | Pan      | Killed Gloorx Vloq
145120 | Pan      | Got a dark rune of Zot
145736 | Pan      | Found an exit through the horrors of the Abyss.
145762 | Pan      | Noticed Zaogux the pandemonium lord
145767 | Pan      | Killed Zaogux the pandemonium lord
146033 | Depths:3 | Escaped Pandemonium
146269 | Lair:1   | Identified the +8 dire flail of Zyhel {crush, rElec rF+}
                  | (You found it in Pandemonium)
146418 | D:7      | Bought a wand of scattershot (8) for 432 gold pieces
146418 | D:7      | Bought a wand of digging (7) for 264 gold pieces
146418 | D:7      | Bought a wand of digging (5) for 216 gold pieces
146418 | D:7      | Bought a wand of scattershot (4) for 288 gold pieces
146607 | Elf:3    | Bought a wand of digging (7) for 440 gold pieces
147040 | Pan      | Entered Pandemonium
147633 | Pan      | Got a shimmering cloak
147679 | Pan      | Found a runed translucent door.
147968 | Pan      | Noticed Reidinuo the pandemonium lord
147979 | Pan      | Killed Reidinuo the pandemonium lord
148238 | Pan      | Got a faintly glowing jade ring
148349 | Pan      | Identified the amulet of Papteel {Acrobat rPois MR+ Int-5
                  | Slay+2}
148453 | Pan      | Found an exit through the horrors of the Abyss.
148526 | Pan      | Got a distressingly furry leather armour
148778 | Pan      | Entered the realm of Mnoleg.
148971 | Pan      | Gained mutation: You are dopey. (Int -2) [a cacodemon]
148977 | Pan      | Gained mutation: You are frail. (-10% HP) [a cacodemon]
149268 | Pan      | Noticed Mnoleg
149479 | Pan      | Killed Mnoleg
149578 | Pan      | Got a glowing rune of Zot
149843 | Pan      | Identified the +4 cloak of a Labyrinth {-Tele rC+ Str+2}
                  | (You found it in Pandemonium)
149873 | Pan      | Identified the ring of Tafreaf {Fire rElec Str+3 SInv} (You
                  | found it in Pandemonium)
150558 | Pan      | Got a pair of distressingly furry boots
150611 | Pan      | Noticed Paut Xil the pandemonium lord
150621 | Pan      | Killed Paut Xil the pandemonium lord
150765 | Pan      | Found an exit through the horrors of the Abyss.
151076 | Pan      | Noticed Siehosh the pandemonium lord
151096 | Pan      | Killed Siehosh the pandemonium lord
152146 | Pan      | Reached skill level 27 in Evocations
152244 | Pan      | Noticed Inkiteq the pandemonium lord
152255 | Pan      | Killed Inkiteq the pandemonium lord
152255 | Pan      | Reached skill level 1 in Translocations
152530 | Pan      | Found an exit through the horrors of the Abyss.
152932 | Pan      | Noticed Atsuucoja the pandemonium lord
152934 | Pan      | Killed Atsuucoja the pandemonium lord
153341 | Pan      | Entered the realm of Lom Lobon.
153499 | Pan      | Found an exit through the horrors of the Abyss.
153987 | Pan      | Reached skill level 5 in Translocations
154027 | Pan      | Noticed Lom Lobon
154132 | Pan      | Killed Lom Lobon
154164 | Pan      | Got a magical rune of Zot
154513 | Pan      | Found a glowing silver altar of Zin.
156145 | Pan      | Noticed a seraph
156164 | Pan      | Killed a seraph
156214 | Pan      | Found a glowing golden altar of the Shining One.
156779 | Pan      | Found a white marble altar of Elyvilon.
157217 | Depths:3 | Escaped Pandemonium
157467 | Lair:1   | Identified the +0 pair of boots of Fashionability {*Drain
                  | MP+9 Int+2 Dex+2} (You found it in Pandemonium)
158470 | Coc:7    | Entered Level 7 of Cocytus
158685 | Coc:7    | Reached skill level 10 in Translocations
160532 | Coc:7    | Noticed Antaeus
160563 | Coc:7    | Killed Antaeus
160686 | Coc:7    | Got a flickering sapphire amulet
160688 | Coc:7    | Got an icy rune of Zot
161135 | Lair:1   | Identified the amulet "Peiff" {+Rage rF+ rC++ Dex-2 SInv}
                  | (You found it on level 7 of Cocytus)
161382 | Depths:1 | Voluntarily entered the Abyss.
161465 | Abyss:2  | Found a corrupted altar of Lugonu.
161713 | Abyss:3  | Got an abyssal rune of Zot
161718 | Depths:1 | Escaped the Abyss
161910 | Zot:5    | Got the Orb of Zot
162426 | D:1      | Lost mutation: You are dopey. (Int -2) [potion of mutation]
162426 | D:1      | Lost mutation: You have a somewhat thin skeletal structure.
                  | (Dex +2, Stealth) [potion of mutation]
162426 | D:1      | Lost mutation: You are frail. (-10% HP) [potion of
                  | mutation]
162426 | D:1      | Gained mutation: You are frail. (-10% HP) [potion of
                  | mutation]
162426 | D:1      | Gained mutation: You are resistant to hostile enchantments.
                  | (MR+) [potion of mutation]
162426 | D:1      | Gained mutation: You tend to lose your temper in combat.
                  | [potion of mutation]
162426 | D:1      | Gained mutation: You are partially covered in slimy green
                  | scales. (AC +2) [potion of mutation]
162428 | D:$      | Escaped with the Orb!

Levels and vault maps discovered:
D:1:      dpeg_arrival_tiny_i, layout_basic, st_stairs_5, minivault_25
D:2:      layout_loops_cross, nicolae_overflow_crystal_walls, first_ration,
          kennysheep_another_room, minmay_misc_feat_doors,
          makhleb_blood_cavern_becter, uniq_natasha
D:3:      layout_loops_cross, dancing_weapons_uskayaw, tso_altar,
          minmay_misc_feat_more_columns
D:4:      layout_gridville, kennysheep_mini, serial_shops,
          nicolae_shop_competitors_out_of_business
D:5:      layout_cave_pods, serial_gnoll_camp, gnoll_camp_huts_basic,
          gnoll_camp_mini_hut, gnoll_camp_mini_shop, gnoll_camp_mini_house,
          minmay_misc_feat_chi, goddamned_bats
D:6:      layout_basic, led_sif_book, lemuel_round_altar, fedhas_altar_1,
          old_standard_altar, minmay_misc_feat_five, hangedman_feature_mirror
D:7:      layout_basic, nicolae_overflow_hidden_temple,
          minmay_temple_entry_glass, serial_shops,
          nicolae_shop_temple_entry_statues_fountains, chequers_garden,
          minivault_26, grunt_ogre_cave, uniq_pikel
D:8:      layout_cave_pods
D:9:      cheibrodos_grave_circle, layout_cave_pools, david_orc_1_choice,
          minivault_16
D:10:     layout_roguey, enter_bailey_2, ebering_ghost_reflecting_pool,
          nicolae_trove_entry_columns
D:11:     layout_cave_pools, david_lair_shrubbed, basic_altar,
          nicolae_zen_rock_garden
D:12:     layout_roguey, serial_bayou, serial_bayou_shore_b,
          serial_bayou_lagoon_a, serial_bayou_lake_a, serial_bayou_pond_c,
          drop_trap, skrybe_limestone_x, nemelex_altar_shiori
D:13:     layout_grid_maze, minivault_14, minmay_statue_crystal_thing
D:14:     layout_long_grid, skrybe_vaults_entry_preservation,
          infiniplex_staircase_pool_1, minmay_circle_x
D:15:     hangedman_depths_entry_try_elsewhere_first, layout_cave_pods,
          nicolae_wwwww, minivault_28
Temple:   jpeg_temple_clearing
Lair:1:   layout_roguey, grunt_megastairs_1, infiniplex_staircase_pool_2,
          uniq_erica
Lair:2:   layout_cave_pods, nicolae_swamp_entry_splash_gauntlet,
          grunt_forest_small_clearing_treed, lemuel_fruit_fields,
          grunt_megastairs_4
Lair:3:   beast_lair_carwin_large_4, layout_misc_corridors,
          spider_nest_entry_web_field, grunt_megastairs_3
Lair:4:   layout_cave_pods, serial_bayou_shore_a
Lair:5:   layout_loops_ring, slime_altar_1, special_room
          [special_room_mythical_zoo], portal_ice_cave_entry_ice_beasts
Lair:6:   cheibrodos_lair_end_hotspot, layout_small_grid,
          gauntlet_entry_generic, kennysheep_rathole, uniq_rupert
Swamp:1:  layout_basic_swamp, hangedman_swamp_ruin_wall,
          infiniplex_staircase_pool, uniq_frances
Swamp:2:  layout_basic_swamp, evilmike_swamp_ruin_house_3
Swamp:3:  layout_falls_marsh, nicolae_swamp_round_clearing
Swamp:4:  swamp_icy, layout_basic_swamp, ebering_ghost_reflecting_pool,
          uniq_kirke
Spider:1: layout_spider_delve, gammafunk_ghost_necromancy, drop_trap, uniq_aizul
Spider:2: spiders_nest_a, uniq_asterion
Spider:3: layout_spider_delve, uniq_arachne
Spider:4: spider_rune_water, uniq_nikola
Slime:1:  layout_caves
Slime:2:  layout_caves
Slime:3:  layout_caves, basic_altar, cheibrodos_slime_lost_civilization_6
Slime:4:  layout_caves
Slime:5
Orc:1:    layout_caves, ebering_ghost_gozag, uniq_josephine
Orc:2:    pubby_orc_utopia
Elf:1:    layout_onion_city, hangedman_elf_represent, columned_hall_lemuel,
          einodemon_armed_red_devil_minivault, uniq_jorgrun, uniq_louise
Elf:2:    layout_geoelf_grid, basic_altar, serial_shops, shop_fountains
Elf:3:    minmay_elf_hall_golems, layout_gridlike, basic_altar, laboratory,
          minmay_shop_grove
Vaults:1: nicolae_vaults_network_square, hangedman_vaults_trim,
          grunt_vaults_funnel, hangedman_vaults_trim, vaults_room_boxed,
          nicolae_vaults_ring_of_whatevers, ontoclasm_vaults_tryst,
          nicolae_vaults_circle_grid_a, hangedman_vaults_trim,
          ontoclasm_vaults_bender, nicolae_vaults_little_squares_6,
          nicolae_vaults_asterisk, vaults_dpeg_hooks, layout_vaults_ring
Vaults:2: v_alt_pattern_4, v_misc_27, grunt_vaults_swirl, vaults_mumra_hex,
          ontoclasm_vaults_ring_square, layout_vaults_omnigrid, serial_shops,
          nicolae_shop_trees
Vaults:3: v_alt_pattern_5, v_misc_12, hangedman_vaults_variations,
          minmay_crypt_entry_necro_gods, nicolae_vaults_specimen_jars,
          ontoclasm_vaults_gallery, ontoclasm_vaults_eye,
          hangedman_vaults_impose, nicolae_vaults_gold_heap,
          hangedman_vaults_river_flow, vaults_dpeg_encased_lava,
          nicolae_vaults_ninety_degrees, layout_vaults_maze_bifur,
          uniq_frederick, uniq_xtahua
Vaults:4: v_misc_30, vaults_room_corners, v_alt_pattern_6, grunt_vaults_bifocal,
          nicolae_vaults_halls_meeting, grunt_vaults_diagonal,
          nicolae_vaults_ring_of_whatevers, hangedman_vaults_nails,
          ontoclasm_vaults_ligature, v_misc_22, vaults_mumra_minichess,
          nicolae_vaults_network_s, nicolae_vaults_ring_of_whatevers, v_misc_17,
          vaults_room_stairs_pillars, layout_vaults_omnibox, serial_shops,
          nicolae_shop_waterfront, uniq_mennas
Vaults:5: serial_shops, uniq_boris
Crypt:1:  layout_rooms, grunt_ministairs_14, uniq_donald
Crypt:2:  layout_basic, gammafunk_ghost_crypt, serial_sigils_hangedman_gnaw,
          uniq_khufu, uniq_margery
Crypt:3:  evilmike_haunted_forest
Tomb:1
Tomb:2
Tomb:3
Depths:1: layout_honeycomb, grunt_hell_entry_dis_old,
          abyss_entry_small_statue_room, minmay_misc_feat_iff,
          kilobyte_rumbling_trees, uniq_saint_roka
Depths:2: cheibrodos_birdhouse, layout_basic, grunt_decor_arrowhead,
          grunt_mini_vestibule, abyss_entry_crystal, wad_dig_loot
Depths:3: ragdoll_tomb_raider, layout_cave_pools, serial_bayou,
          serial_bayou_pond_d, serial_bayou_pond_e, serial_bayou_crossing,
          serial_bayou_pond_d, kennysheep_crisscross, hell_entry,
          rand_demon_pan_entry_5, kennysheep_small_spiral,
          minmay_staircase_windowed_small
Depths:4: gammafunk_dig_for_victory, layout_cross, enter_ziggurat_f,
          pf_dread_powers_of_hell, small_statue_intersection, abyss_entry,
          nicolae_rare_books, grunt_ministairs_2,
          minmay_the_grid_square_5x5_3x3_mashed
          [minmay_the_grid_square_5x5_longway,
          minmay_the_grid_square_5x5_spiral, minmay_the_grid_square_5x5_minimal,
          minmay_the_grid_square_5x5_two,
          minmay_the_grid_square_5x5_megaprize_open,
          minmay_the_grid_square_5x5_comb,
          minmay_the_grid_square_5x5_fancy_junction,
          minmay_the_grid_square_5x5_inner_i,
          minmay_the_grid_square_5x5_two_walls_a]
Depths:5: evilmike_zot_entry_basic, layout_cave_pools, hell_entry,
          lemuel_crystal_altar, due_unseen_surprise
Hell
Dis:1:    layout_regular_city, hangedman_dis_decor_tower
Dis:2:    layout_chaotic_city
Dis:3:    layout_gridville
Dis:4:    layout_regular_city
Dis:5:    layout_chaotic_city
Dis:6:    layout_chaotic_city
Dis:7:    dis_st
Geh:1:    layout_gehenna_lava_caves
Geh:2:    layout_gehenna_pools_triple
Geh:3:    layout_gehenna_pools_basic
Geh:4:    layout_gehenna_lava_caves, hangedman_feature_mirror
Geh:5:    layout_gehenna_pools_basic
Geh:6:    layout_gehenna_pools_box
Geh:7:    geh_hangedman
Coc:1:    layout_ice_bergs
Coc:2:    layout_cocytus_water_paths
Coc:3:    layout_cocytus_water_paths
Coc:4:    layout_ice_bergs
Coc:5:    layout_ice_bergs
Coc:6:    layout_ice_bergs
Coc:7:    coc_mu
Tar:1:    layout_grid_maze
Tar:2:    layout_honeycomb
Tar:3:    layout_grid_maze
Tar:4:    layout_cathedral_of_symmetry
Tar:5:    layout_grid_maze
Tar:6:    layout_honeycomb, nicolae_tar_cuneiform_city
Tar:7:    tar_old
Zot:1:    minmay_elemental_castle, layout_gridlike
Zot:2:    layout_onion_interference, grunt_megastairs_2
Zot:3:    gammafunk_mikee_crab_dinner, layout_misc_corridors
Zot:4:    layout_concentric_octagons
Zot:5:    layout_misc_corridors, gammafunk_ghost_grave, st_stairs_5,
          hangedman_zot_decor_scrapings

Skill      XL: |  1  2  3  4  5  6  7  8  9 10 11 12 13 14 15 16 17 18 19 20 21 22 23 24 25 26 27 |
---------------+----------------------------------------------------------------------------------+-----
Crossbows      | 5 6 7 8 9 10 11 12 13 14 17 20 22 23 25 26 27 | 27.0
Axes           | 1 2 3 9 27 | 27.0
Armour         | 1 2 4 6 7 8 9 10 11 12 20 27 | 27.0
Fighting       | 3 4 5 6 8 11 13 19 23 24 25 26 27 | 27.0
Stealth        | 1 2 3 4 5 6 7 8 9 27 | 27.0
Short Blades   | 1 2 |  2.0
Dodging        | 3 4 5 7 9 10 11 12 15 17 19 21 23 27 | 27.0
Polearms       | 1 6 7 17 | 17.7
Evocations     | 1 2 27 | 27.0
Invocations    | 1 2 5 6 7 27 | 27.0
Spellcasting   | 7 9 14 | 14.6
Maces & Flails | 18 | 18.8
Charms         | 14 | 14.7
Earth Magic    | 11 | 11.2
Translocations | 12 | 12.3

Action                   |  1- 3 |  4- 6 |  7- 9 | 10-12 | 13-15 | 16-18 | 19-21 | 22-24 | 25-27 || total
-------------------------+-------+-------+-------+-------+-------+-------+-------+-------+-------++-------
Melee: Hand axe          |    54 |    65 |       |       |       |       |       |       |       ||   119
       Short sword       |     6 |    26 |   166 |       |       |       |       |       |       ||   198
       Headbutt          |    15 |    17 |    55 |   138 |    39 |       |       |    46 |   854 ||  1164
       Trident           |       |       |   130 |   619 |   167 |       |       |       |       ||   916
       Arbalest          |       |       |       |       |     1 |       |       |       |       ||     1
       Broad axe         |       |       |       |       |       |       |       |    91 |     6 ||    97
       Executioner's axe |       |       |       |       |       |       |       |       |  2251 ||  2251
       Triple crossbow   |       |       |       |       |       |       |       |       |     1 ||     1
 Fire: Hand crossbow     |    11 |    78 |   126 |   367 |   332 |       |       |       |       ||   914
       Arbalest          |       |       |       |       |   974 |   105 |    99 |       |       ||  1178
       Triple crossbow   |       |       |       |       |       |   669 |  1052 |   803 |  9056 || 11580
Invok: Heroism           |       |       |       |     7 |     1 |     4 |     5 |     3 |    13 ||    33
       Finesse           |       |       |       |       |       |       |       |     1 |     8 ||     9
       Divine Shield     |       |       |       |       |       |       |       |       |    64 ||    64
       Cleansing Flame   |       |       |       |       |       |       |       |       |    37 ||    37
       Summon Divine War |       |       |       |       |       |       |       |       |     7 ||     7
       Brand Weapon With |       |       |       |       |       |       |       |       |     1 ||     1
 Abil: Evoke Flight      |       |       |       |       |       |       |       |       |    26 ||    26
Evoke: Wand              |       |       |     3 |     7 |     4 |     2 |     6 |     1 |    31 ||    54
       Box of beasts     |       |       |       |       |       |       |       |       |     3 ||     3
       Lamp of fire      |       |       |       |       |       |       |       |       |     1 ||     1
  Use: Potion            |       |     1 |       |     1 |       |     1 |     1 |     2 |    72 ||    78
       Scroll            |       |       |     4 |    16 |    20 |    11 |    10 |     6 |   114 ||   181
 Stab: Sleeping          |       |     1 |       |     3 |     4 |       |       |       |     1 ||     9
       Distracted        |       |       |     1 |       |       |       |       |     4 |       ||     5
  Eat: Chunk             |       |     8 |    18 |    21 |    42 |    25 |    39 |    20 |    95 ||   268
       Ration            |       |       |       |       |       |       |       |     2 |    64 ||    66
Armor: Leather armour    |    19 |    21 |       |       |       |       |       |       |       ||    40
       Scale mail        |       |     4 |   121 |    76 |       |       |       |       |       ||   201
       Troll leather arm |       |       |       |    67 |   112 |    63 |   120 |    53 |   474 ||   889
       Chain mail        |       |       |       |       |       |       |       |       |   104 ||   104
       Fire dragon scale |       |       |       |       |       |       |       |       |   700 ||   700
       Shadow dragon sca |       |       |       |       |       |       |       |       |   498 ||   498
Dodge: Dodged            |    40 |    81 |   194 |   532 |   544 |   429 |   484 |   381 |  8373 || 11058
Block: Other             |       |     1 |    58 |    91 |       |       |       |       |   844 ||   994
       Reflection        |       |       |     1 |     3 |       |       |       |       |       ||     4
